 Dungeon Crawl Stone Soup version 0.32-a0-172-gc5dd13f (webtiles) character file.

Game seed: 12101134133748467248

3204599 jagoly the Shapeless Merfolk (level 27, 247/247 HPs)
             Began as a Merfolk Shapeshifter on Feb 12, 2024.
             Was the Champion of Nemelex Xobeh.
             Escaped with the Orb
             ... and 5 runes
             ... and 1 gem (intact)!
             The game lasted 07:16:33 (73282 turns).

jagoly the Shapeless Merfolk (MfSh)                Turns: 73282, Time: 07:16:34

Health: 247/247    AC: 15    Str: 26    XL:     27
Magic:  31/31      EV: 68    Int: 11    God:    Nemelex Xobeh [******]
Gold:   7348       SH:  0    Dex: 26    Spells: 21/26 levels left

rFire   + .          .
                       - Unarmed
rCold   . . .        (shield currently unavailable)
rNeg    . . .        e - melded +0 troll leather armour
rPois   ∞            (helmet currently unavailable)
rElec   +            a - melded +2 cloak {rCorr}
rCorr   +            Y - melded +2 pair of gloves {Dex+3}
SInv    .            j - melded +2 pair of slick slippers {slick, slippery, EV+4}
Will    ++++.        y - amulet "Fisosyfo" {Faith Str+3}
Stlth   ++           n - ring of Gyrghes {rElec Will+ rCorr Int-2 Dex+9}
HPRegen 0.61/turn    T - ring "Unifaf" {rF+ EV+5 Dex+4}
MPRegen 0.22/turn

%: clarity, faith
@: storm-form, flying, studying 3 skills
A: cleaving, insubstantial, flying, (nimble swimmer 2), (mertail), (antennae 1),
clarity, clumsy 1, (cold resistance 1), deterioration 1, (fire resistance 1),
low MP 2, strong-willed 1, (sturdy frame 1), persistent drain
0: Orb of Zot
}: 5/15 runes: barnacled, slimy, silver, abyssal, gossamer
a: Blinkbolt, Begin Untransformation, Renounce Religion, Draw Escape, Draw
Destruction, Draw Summoning, Draw Stack, Triple Draw, Deal Four, Stack Five


You escaped.
You worshipped Nemelex Xobeh.
Nemelex Xobeh was exalted by your worship.
You were a lightning-filled tempest!
You visited 13 branches of the dungeon, and saw 57 of its levels.
You visited the Abyss 2 times.
You visited 1 ziggurat, and saw 9 of its levels.
You also visited: Sewer, Ossuary, Ice Cave, Volcano and Wizlab.

You collected 10183 gold pieces.
You spent 2835 gold pieces at shops.

Inventory:

Missiles
 s - 9 curare-tipped darts
 x - 4 darts of dispersal
 V - 10 throwing nets
Armour
 a - a +2 cloak of preservation (melded)
 e - a +0 troll leather armour (melded)
 j - the +2 pair of slick slippers (melded) {slick, slippery, EV+4}
   (You found it on level 3 of the Elven Halls)

   Slick:     Its wearer cannot be constricted, engulfed, netted or webbed.
   Slippery:  Its wearer slips away from damaging melee attacks, pulling the
   attacker onward.
   EV+4:      It affects your evasion (+4).
 m - the +2 helmet "Jeod" {Regen+ Str-5 Int+2 Slay+2}
   (You found it on level 3 of the Elven Halls)

   Str-5:     It affects your strength (-5).
   Int+2:     It affects your intelligence (+2).
   Slay+2:    It affects your accuracy & damage with ranged weapons and melee
   (+2).
   Regen+:    It increases your rate of health regeneration.
 Y - a +2 pair of gloves of dexterity (melded)
Jewellery
 n - the ring of Gyrghes (left fist) {rElec Will+ rCorr Int-2 Dex+9}
   (You found it on level 5 of the Pits of Slime)

   [ring of willpower]

   Int-2:     It affects your intelligence (-2).
   Dex+9:     It affects your dexterity (+9).
   rElec:     It insulates you from electricity.
   Will+:     It increases your willpower.
   rCorr:     It protects you from acid and corrosion.
 p - a ring of positive energy
 y - the amulet "Fisosyfo" (around neck) {Faith Str+3}
   (You bought it in a shop on level 14 of the Dungeon)

   [amulet of faith]

   Faith:     It allows you to gain divine favour quickly.
   Str+3:     It affects your strength (+3).
 K - the ring of the Republic {Will++ Slay+4}
   (You found it on level 4 of the Realm of Zot)

   [ring of slaying]

   Slay+4:    It affects your accuracy & damage with ranged weapons and melee
   (+4).
   Will++:    It greatly increases your willpower.
 Q - the ring of the Ancients {rPois rF+ rCorr Int-4 Stlth+}
   (You acquired it on level 2 of the Vaults)

   [ring of protection from fire]

   Int-4:     It affects your intelligence (-4).
   rF+:       It protects you from fire.
   rPois:     It protects you from poison rCorr: It protects you from acid and
   corrosion.
   Stlth+:    It makes you more stealthy.
 R - the ring of Xaxkogru {Ice rCorr Str+2 Dex+5}
   (You found it on level 5 of the Pits of Slime)

   [ring of ice]

   Ice:       It enhances your ice magic.
   Str+2:     It affects your strength (+2).
   Dex+5:     It affects your dexterity (+5).
   rF-:       It makes you vulnerable to fire.
   rC+:       It protects you from cold.
   rCorr:     It protects you from acid and corrosion.
 T - the ring "Unifaf" (right fist) {rF+ EV+5 Dex+4}
   (You bought it in a shop on level 1 of the Orcish Mines)

   [ring of evasion]

   EV+5:      It affects your evasion (+5).
   Dex+4:     It affects your dexterity (+4).
   rF+:       It protects you from fire.
Talismans
 P - a storm talisman (active)
 S - a talisman of death
Wands
 l - a wand of mindburst (37)
 r - a wand of acid (26)
 z - a wand of iceblast (96)
 D - a wand of digging (5)
 H - a wand of charming (98)
Scrolls
 c - 4 scrolls of blinking
 f - 12 scrolls of vulnerability
 g - 24 scrolls of teleportation
 o - 3 scrolls of summoning
 t - 17 scrolls of poison
 A - 18 scrolls of fog
 B - 10 scrolls of fear
 F - 16 scrolls of enchant armour
 G - 8 scrolls of immolation
 I - 7 scrolls of silence
 X - 2 scrolls of revelation
Potions
 d - 9 potions of ambrosia
 h - 5 potions of brilliance
 i - 33 potions of curing
 k - 7 potions of invisibility
 u - 20 potions of mutation
 v - 15 potions of heal wounds
 C - 4 potions of berserk rage
 E - 9 potions of attraction
 J - 3 potions of haste
 M - 5 potions of cancellation
 N - 9 potions of magic
 O - 9 potions of enlightenment
 U - 2 potions of resistance
 W - 6 potions of might
Miscellaneous
 b - a lightning rod (4/4)
 q - a sack of spiders
 w - a tin of tremorstones (2/2)
 L - a phial of floods
 Z - a phantom mirror


   Skills:
 + Level 26.7 Fighting
 - Level 2.0 Throwing
 - Level 24.0 Dodging
 - Level 12.0 Stealth
 O Level 27 Unarmed Combat
 - Level 12.0 Translocations
 - Level 24.0 Invocations
 - Level 10.0 Evocations
 O Level 27 Shapeshifting


You had 21 spell levels left.
You knew the following spells:

 Your Spells              Type           Power      Damage    Failure   Level
q - Apportation           Tloc           52%        N/A       1%          1
A - Manifold Assault      Tloc           26%        N/A       2%          4

Your spell library contained the following spells:

 Spells                   Type           Power      Damage    Failure   Level
 Blink                    Tloc           52%        N/A       1%          2
 Lesser Beckoning         Tloc           52%        N/A       1%          2
 Gell's Gravitas          Tloc           26%        N/A       1%          3
 Teleport Other           Tloc           26%        N/A       1%          3
 Passage of Golubria      Tloc           26%        N/A       2%          4
 Volatile Blastmotes      Fire/Tloc      26%        2d12      9%          3
 Dimensional Bullseye     Hex/Tloc       6%         N/A       30%         4
 Iskenderun's Mystic Bla  Conj/Tloc      13%        2d5       30%         4
 Vhi's Electric Charge    Tloc/Air       26%        N/A       30%         4
 Foxfire                  Conj/Fire      0%         2x1d4     34%         1
 Kiss of Death            Conj/Necr      0%         2d5       34%         1
 Magic Dart               Conj           0%         1d3       34%         1
 Necrotise                Necr           0%         1d4       34%         1
 Sandblast                Erth           0%         2d4       34%         1
 Shock                    Conj/Air       0%         1d3       34%         1
 Slow                     Hex            0%         N/A       34%         1
 Sting                    Conj/Alch      0%         1d3       34%         1
 Summon Small Mammal      Summ           0%         N/A       34%         1
 Dispersal                Tloc           13%        N/A       36%         6
 Call Imp                 Summ           0%         N/A       47%         2
 Cigotuvi's Dreadful Rot  Necr/Alch/Air  0%         N/A       47%         2
 Ensorcelled Hibernation  Hex/Ice        0%         N/A       47%         2
 Jinxbite                 Hex            0%         N/A       47%         2
 Mercury Vapours          Alch/Air       0%         N/A       47%         2
 Searing Ray              Conj           0%         2d4       47%         2
 Static Discharge         Conj/Air       0%         3-3/arc   47%         2
 Summon Forest            Summ/Tloc      6%         N/A       63%         5
 Call Canine Familiar     Summ           0%         N/A       71%         3
 Confusing Touch          Hex            0%         N/A       71%         3
 Dazzling Flash           Conj/Hex       0%         N/A       71%         3
 Frozen Ramparts          Ice            0%         1d1       71%         3
 Fugue of the Fallen      Necr           0%         N/A       71%         3
 Hailstorm                Conj/Ice       0%         3d5       71%         3
 Mephitic Cloud           Conj/Alch/Air  0%         N/A       71%         3
 Ozocubu's Armour         Ice            0%         N/A       71%         3
 Passwall                 Erth           0%         N/A       71%         3
 Sigil of Binding         Hex            0%         N/A       71%         3
 Stone Arrow              Conj/Erth      0%         3d7       71%         3
 Summon Ice Beast         Ice/Summ       0%         N/A       71%         3
 Swiftness                Air            0%         N/A       71%         3
 Tukima's Dance           Hex            0%         N/A       71%         3
 Vampiric Draining        Necr           0%         2d6       71%         3
 Airstrike                Air            0%         2d(0-16)  98%         4
 Anguish                  Hex/Necr       0%         N/A       98%         4
 Animate Armour           Summ/Erth      0%         N/A       98%         4
 Animate Dead             Necr           0%         N/A       98%         4
 Brom's Barrelling Bould  Conj/Erth      0%         2d3       98%         4
 Cause Fear               Hex            0%         N/A       98%         4
 Fulminant Prism          Conj/Alch      0%         3d5       98%         4
 Leda's Liquefaction      Alch/Erth      0%         N/A       98%         4
 Martyr's Knell           Necr/Summ      0%         N/A       98%         4
 Olgreb's Toxic Radiance  Alch           0%         N/A       98%         4
 Petrify                  Alch/Erth      0%         N/A       98%         4
 Summon Blazeheart Golem  Fire/Summ      0%         N/A       98%         4
 Summon Lightning Spire   Summ/Air       0%         N/A       98%         4
 Alistair's Intoxication  Alch           0%         N/A       100%        5
 Arcjolt                  Conj/Air       0%         1d10      100%        5
 Curse of Agony           Necr           0%         N/A       100%        5
 Irradiate                Conj/Alch      0%         3d11      100%        5
 Iskenderun's Battlesphe  Conj           0%         2d6       100%        5
 Metabolic Englaciation   Hex/Ice        0%         N/A       100%        5
 Silence                  Hex/Air        0%         N/A       100%        5
 Summon Mana Viper        Hex/Summ       0%         N/A       100%        5
 Yara's Violent Unravell  Hex/Alch       0%         3d3       100%        5
 Bombard                  Conj/Erth      0%         9d1       100%        6
 Death Channel            Necr           0%         N/A       100%        6
 Eringya's Noxious Bog    Alch           0%         4d6       100%        6
 Plasma Beam              Fire/Air       0%         2x1d10    100%        6
 Sculpt Simulacrum        Ice/Alch       0%         N/A       100%        6
 Starburst                Conj/Fire      0%         6d3       100%        6
 Summon Cactus Giant      Summ           0%         N/A       100%        6
 Enfeeble                 Hex            0%         N/A       100%        7
 Haunt                    Necr/Summ      0%         N/A       100%        7
 Monstrous Menagerie      Summ           0%         N/A       100%        7
 Ozocubu's Refrigeration  Ice            0%         4d7       100%        7
 Spellforged Servitor     Conj/Summ      0%         N/A       100%        7
 Borgnjor's Revivificati  Necr           0%         N/A       100%        8
 Discord                  Hex            0%         N/A       100%        8
 Disjunction              Tloc           13%        N/A       100%        8
 Lehudib's Crystal Spear  Conj/Erth      0%         10d2      100%        8
 Maxwell's Capacitive Co  Air            0%         ∞         100%        8
 Death's Door             Necr           0%         N/A       100%        9
 Sublimation of Blood     Necr           Unusable   N/A       N/A         2

Dungeon Overview and Level Annotations

Branches:
Dungeon (15/15)            Temple (1/1) D:4            Lair (5/5) D:9
 Shoals (4/4) Lair:3       Spider (4/4) Lair:2        Slime (5/5) Lair:4
    Orc (2/2) D:9             Elf (3/3) Orc:2        Vaults (5/5) D:14
  Crypt (3/3) Vaults:2       Tomb (0/3) Crypt:3      Depths (4/4) D:15
   Hell (visited)             Dis (0/7) Hell            Geh (0/7) Hell
    Coc (0/7) Hell            Tar (0/7) Hell            Zot (5/5) Depths:4
  Sewer (visited)         Ossuary (visited)           IceCv (visited)
Volcano (visited)          WizLab (visited)

Altars:
Ashenzari
Cheibriados
Dithmenos
Elyvilon
Fedhas
Gozag
Hepliaklqana
Kikubaaqudgha
Makhleb
Nemelex Xobeh
Okawaru
Qazlal
Ru
Sif Muna
Trog
Uskayaw
Vehumet
Wu Jian
Xom
Yredelemnul
Zin
The Shining One
Jiyva

Shops:
D:3 (   D:9 ?   D:14 =   Orc:1 =   Orc:2 [[[((   Elf:1 *   Shoals:4 [
Vaults:1 *   Vaults:2 *   Vaults:3 *   Vaults:4 :   Vaults:5 [   Depths:1 :

Portals:
Hell: Depths:1 Depths:2 Depths:3 Depths:4
Abyss: Depths:1 Depths:3
Pandemonium: Depths:2

Annotations:
Elf:2 3 runed translucent doors
Zot:5 1 exclusion


Innate Abilities, Weirdness & Mutations

You are a lightning-filled tempest!
Your electrical attacks strike out in all directions at once.
You are incredibly evasive.
Your insubstantial body is immune to petrification, constriction, and being set on fire You are flying.
Your armour is entirely melded.
You are incapable of wielding weapons or throwing items.
You are immune to poison.
((You are very nimble when in or above water. (Stealth+, EV+, Speed+++)))
((Your lower body shifts to a powerful aquatic tail in water.))
((You have a pair of small antennae on your head.))
You possess an exceptional clarity of mind.
You are clumsy. (Dex -2)
((Your flesh is cold resistant. (rC+)))
Your body sometimes deteriorates upon taking damage.
((Your flesh is heat resistant. (rF+)))
Your magical capacity is very low. (-20% MP)
You are strong-willed. (Will+)
((Your movements are slightly less encumbered by armour. (ER -2)))
Your health recovers twice as slowly from being drained.


Message History

The Orb Guardian completely misses you.
You see here the Orb of Zot.
You pick up the Orb of Zot!
The Orb lets out an ear-shattering shriek!
The lords of Pandemonium are not amused.
Beware!
Now all you have to do is get back out of the dungeon!
The Orb Guardian completely misses you.
As you read the scroll of teleportation, it crumbles to dust.
You feel strangely unstable.
You feel the Orb delaying your translocation!
The Orb Guardian hits you. The Orb Guardian barely misses you.
The Orb Guardian completely misses you.
You batter the Orb Guardian!!
Lightning courses through the Orb Guardian!
The Orb Guardian is heavily wounded.
You blast the Orb Guardian!!!!
You kill the Orb Guardian!
No target in view!
A Wiezux and a Tzitzimitl come into view.
The Tzitzimitl roars!
Your surroundings suddenly seem different.
You enter a permanent teleport trap!
Your surroundings suddenly seem different.
Found a scroll of noise.
You enter a permanent teleport trap!
Your surroundings suddenly seem different.
As you read the scroll of teleportation, it crumbles to dust.
You feel strangely unstable.
You feel the Orb delaying your translocation!
A balrug and a sun demon come into view.
The balrug is wielding a +1 demon whip of freezing.
The sun demon shouts!
The balrug gestures at you.
The fireball explodes!
The fireball engulfs you! You resist.
A sun demon comes into view.
Okay, then.
You draw a card...
You have drawn the Rangers.
A sun demon comes into view.
Okay, then.
You deal a card...
You have dealt the Dance.
You deal a card...
You have dealt the Rangers.
You deal a card...
You have dealt the Elements.
You deal a card...
You have dealt the Elements.
Your naga sharpshooter spits poison at the balrug.
The splash of poison hits the balrug.
The balrug is poisoned.
The Tzitzimitl calls on the powers of darkness!
Your polar bear convulses!
Your body is wracked with pain!
* * * LOW HITPOINT WARNING * * *
Your body deteriorates!
You feel dopey.
Your catoblepas convulses!
Your deep elf master archer convulses!
Your wind drake convulses!
Your naga sharpshooter convulses!
Your polar bear convulses!
Your centaur warrior convulses!
Your naga sharpshooter convulses!
Your centaur warrior wields a +0 orcbow.
Your centaur warrior shoots an arrow.
The arrow hits the Tzitzimitl!!
You draw a card...
You have drawn the Elixir.
You begin rapidly regenerating health and magic.
The balrug gestures at you.
The bolt of fire hits your catoblepas!!!
Your catoblepas dies!
Your catoblepas's corpse disappears in a puff of smoke!
The bolt of fire misses you.
The bolt of fire hits your polar bear!!!
Your polar bear dies!
Your polar bear's corpse disappears in a puff of smoke!
Your +1 long sword of freezing barely misses the Tzitzimitl.
Your deep elf master archer barely misses Wiezux.
Your naga sharpshooter unwields a +0 war axe.
Your naga sharpshooter wields a +0 arbalest.
Your naga sharpshooter casts a spell.
Your naga sharpshooter magically shoots a bolt.
The bolt hits the balrug!!
The sun demon hits your polar bear!
Your polar bear is engulfed in flames!!
Your polar bear dies!
Your polar bear's corpse disappears in a puff of smoke!
You deal a card...
You have dealt the Dance.
You deal a card...
You have dealt the Swarm.
You deal a card...
You have dealt the Dance.
You deal a card...
You have dealt the Rangers.
Your centaur warrior shoots an arrow.
The arrow hits the Tzitzimitl!!
The balrug hits your meliai with a +1 demon whip of freezing!!
Your meliai is engulfed in flames!!
The balrug freezes your meliai!
Your meliai dies!
Your meliai's corpse disappears in a puff of smoke!
Your +1 long sword of freezing hits the Tzitzimitl!
The Tzitzimitl engulfs your +1 long sword of freezing.
The Tzitzimitl drains your +1 long sword of freezing's vigour!
Your +1 long sword of freezing seems to slow down.
The Tzitzimitl completely misses your +1 long sword of freezing.
Wiezux closely misses your naga sharpshooter.
You feel better.
Your wind drake closely misses the balrug.
Wiezux kicks your naga sharpshooter! The sun demon hits your wind drake!
Your wind drake is engulfed in flames!
Your wind drake dies!
Your wind drake's corpse disappears in a puff of smoke!
Your deep elf master archer hits Wiezux but does no damage.
The balrug gestures at you.
The fireball explodes!
The fireball engulfs the sun demon.
The sun demon completely resists.
The fireball engulfs your molten gargoyle.
Your molten gargoyle completely resists.
The fireball engulfs the balrug.
The balrug completely resists.
The fireball engulfs your +1 long sword of flaming.
Your +1 long sword of flaming resists.
The fireball engulfs the sun demon.
The sun demon completely resists.
Your naga sharpshooter unwields a +0 long sword.
Your naga sharpshooter wields a +0 longbow.
Your naga sharpshooter mumbles some strange words.
Your naga sharpshooter magically shoots an arrow.
The arrow hits the Tzitzimitl!!
Your naga sharpshooter gestures wildly while chanting.
Your naga sharpshooter magically shoots a bolt.
The bolt hits the balrug!!
Your meliai misses the sun demon.
Your meliai barely misses the sun demon.
The Tzitzimitl gestures at you.
The bolt of negative energy hits your +1 long sword of freezing.
Your +1 long sword of freezing completely resists.
The bolt of negative energy hits Wiezux.
Wiezux completely resists.
The bolt of negative energy hits your naga sharpshooter!!!
Your naga sharpshooter is drained!
The bolt of negative energy misses you.
Your +1 long sword of freezing closely misses the Tzitzimitl.
Your +1 long sword of flaming hits the balrug!!
You feel better.
Your centaur warrior unwields a +0 orcbow.
Your centaur warrior hits the Tzitzimitl but does no damage.
Your centaur warrior kicks the Tzitzimitl but does no damage.
Wiezux kicks your naga sharpshooter but does no damage.
Your meliai misses Wiezux.
Your meliai stings Wiezux but does no damage.
Your meliai hits the sun demon but does no damage.
Your meliai stings the sun demon.
Your killer bee barely misses the sun demon.
Your molten gargoyle hits the Tzitzimitl but does no damage.
The sun demon hits your molten gargoyle!
Your molten gargoyle is engulfed in flames.
Your molten gargoyle completely resists.
Your naga sharpshooter unwields a +0 halberd.
Your naga sharpshooter wields a +0 shortbow.
Your naga sharpshooter shoots an arrow.
The arrow completely misses Wiezux.
The arrow closely misses your +1 long sword of freezing.
The arrow hits the Tzitzimitl!
Your +1 long sword of flaming misses the balrug.
Your deep elf master archer barely misses Wiezux.
The balrug hits your molten gargoyle with a +1 demon whip of freezing!
Your molten gargoyle is engulfed in flames.
Your molten gargoyle completely resists.
The balrug freezes your molten gargoyle.
The sun demon hits your molten gargoyle!
Your molten gargoyle is engulfed in flames.
Your molten gargoyle completely resists.
Buffet: -) Storm fists
Press: ? - help, Dir - move target, f - sun demon
Aim: a sun demon (ally target, about 22% to evade your fists)
You blast the sun demon!!!
You kill the sun demon!
Your naga sharpshooter mumbles some strange words.
Your naga sharpshooter magically shoots a bolt.
The bolt hits the balrug!!
The balrug dies!
Your meliai mumbles some strange prayers to its god against the sun demon.
The sun demon is smitten.
Your meliai misses Wiezux.
Your meliai completely misses Wiezux.
Wiezux kicks your naga sharpshooter!!
Your naga sharpshooter dies!
Your naga sharpshooter's corpse disappears in a puff of smoke!
Your +1 long sword of freezing hits the Tzitzimitl!
The Tzitzimitl engulfs your centaur warrior but does no damage.
The Tzitzimitl bites your centaur warrior but does no damage.
Your extra speed is starting to run out.
Your surroundings suddenly seem different.
Found 5 stones.
The Killer Klown blinks!
As you read the scroll of teleportation, it crumbles to dust.
You feel strangely unstable.
You feel the Orb delaying your translocation!
A Yrru, a chaos spawn and an ufetubus come into view.
You enter a permanent teleport trap!
Your surroundings suddenly seem different.
Yrru moves out of view.
The chaos spawn moves out of view.
The ufetubus moves out of view.
The sentinel's mark upon you fades away.
You feel yourself slow down.
An orange demon comes into view.
Your surroundings suddenly seem different.
Found a ring mail.
As you read the scroll of teleportation, it crumbles to dust.
You feel strangely unstable.
You feel the Orb delaying your translocation!
Found 4 stones.
A great orb of eyes comes into view.
Your surroundings suddenly seem different.
A red devil comes into view. It is wielding a +0 trident.
As you read the scroll of teleportation, it crumbles to dust.
You feel strangely unstable.
You feel the Orb delaying your translocation!
The red devil completely misses you.
You feel a little less mighty now. The red devil completely misses you.
The red devil closely misses you.
You start to feel less resistant.
Your enlightenment fades.
Your surroundings suddenly seem different.
As you read the scroll of teleportation, it crumbles to dust.
You feel strangely unstable.
You feel the Orb delaying your translocation!
Your resistance to elements expires.
You enter a permanent teleport trap!
Your surroundings suddenly seem different.
As you read the scroll of teleportation, it crumbles to dust.
You feel strangely stable.
There is a stone staircase leading up here.
You fly upwards.
There is a stone staircase leading down here.
Unknown command.
What level of the Dungeon? (default 15, ? - help)
There is an open door here.
You see here a +0 trident.
You see here a +0 short sword.
A smoke demon comes into view.
Cast which spell? (? or * to list) Space momentarily warps into an impossible shape!
You blast the smoke demon!!!
Lightning courses through the smoke demon!!
You kill the smoke demon!
There is a stone staircase leading up here.
You fly upwards.
There is a stone staircase leading down here.
Okay, then.
What level of the Dungeon? (default 1, ? - help) Magic restored.
There is a stone staircase leading up here.
You fly upwards.
There is a stone staircase leading down here.
There is an open door here.
You see here a +0 war axe.
There is a stone staircase leading up, spattered with blood here.
You fly upwards.
There is a stone staircase leading down here.
An orange demon comes into view.
Cast which spell? (? or * to list) Space momentarily warps into an impossible shape!
You blast the orange demon!!!!
You kill the orange demon!
What level of the Dungeon? (default 1, ? - help)
A Hell Sentinel comes into view.
Idauxtaj comes into view.
Press: ? - help, v - describe, . - travel
Here: Idauxtaj The floor.
Unknown command.
Okay, then.
Press: ? - help, v - describe, . - travel
Here: Idauxtaj The floor.
Unknown command.
Okay, then.
Okay, then.
You feel yourself speed up.
You feel protected.
Blink to where?
Press: ? - help, Dir - move target
As you read the scroll of blinking, it crumbles to dust.
There is a gate leading back out of this place here.
Idauxtaj gestures.
The bolt of lightning hits you! You resist. The fiery plasma misses you.
You fly up through the gate.
Welcome back to the Depths!
There is a gate to the Realm of Zot here.
What level of the Dungeon? (default 1, ? - help)
There is an open gate here.
Magic restored.
A smoke demon comes into view.
You see here a +0 robe.
You blast the smoke demon!!!!
You kill the smoke demon!
What level of the Dungeon? (default 1, ? - help)
Things that are here:
a +2 flail of protection; a yellow draconian skeleton You see here a +0 great sword of flaming.
Things that are here:
a +0 robe; a sphinx skeleton; a spriggan skeleton
There is a stone staircase leading up, spattered with blood here.
You fly upwards.
There is a stone staircase leading down, spattered with blood here.
Your extra speed is starting to run out.
There is a large open door here.
You start to feel less resistant.
You feel yourself slow down.
Things that are here:
a +2 great sword of flaming; a fire giant skeleton Your resistance to elements expires.
There is a large open door here.
You see here a +0 robe. 5 golden eyes come into view.
The golden eye turns its gaze towards you. x2
The golden eye blinks at you. You resist with almost no effort.
The golden eye blinks at you. You resist with almost no effort.
The golden eye blinks! x2
The golden eye turns its gaze towards you.
The golden eye blinks!
There is a stone staircase leading up, spattered with blood here.
The golden eye blinks at you. You resist with almost no effort.
The golden eye blinks at you. You resist with almost no effort.
You fly upwards.
There is a stone staircase leading down here.
What level of the Dungeon? (default 1, ? - help)
There is a stone staircase leading up, spattered with blood here.
You fly upwards.
There is a stone staircase leading down here.
You see here an ugly thing skeleton.
There is an open door, spattered with blood here.
A Hell Sentinel comes into view.
There is an open door here.
Things that are here:
a +0 troll leather armour; a deep troll skeleton You see here an ugly thing skeleton.
Aiming: Dig
Press: ? - help, Shift-Dir - straight line A rock wall.
This square is covered in magical glow.
The rock shatters into small pieces.
There is a staircase back to the Dungeon here.
You fly upwards.
Welcome back to the Dungeon!
There is a staircase to the Depths here.
What level of the Dungeon? (default 1, ? - help)
There is an open door, spattered with blood here.
You see here a +2 flail of electrocution.
Things that are here:
a +2 arbalest of flaming; a yaktaur skeleton You see here a +1 mace of freezing.
Things that are here:
a +2 whip of electrocution; a +0 robe
There is a stone staircase leading up, spattered with blood here.
You fly upwards.
There is a stone staircase leading down here.
You hear a grinding noise.
A cacodemon and a sixfirhy come into view.
The cacodemon gestures next to the sixfirhy.
You hear a grinding noise.
The sixfirhy completely misses you. x3; The sixfirhy misses you.
The cacodemon gestures next to the sixfirhy.
Some rock shatters into small pieces.
You blast the sixfirhy!!!!
You kill the sixfirhy!
An orange demon and a sixfirhy come into view.
The sixfirhy completely misses you. x2; The cacodemon completely misses you. x2
The sixfirhy hits you! The sixfirhy shocks you. You resist.
You blast the cacodemon!!!!
You punch the cacodemon.
The cacodemon is almost dead.
You closely miss the sixfirhy. The cacodemon completely misses you. x2
You blast the cacodemon!!!!
You kill the cacodemon!
You batter the sixfirhy!! You closely miss the sixfirhy.
The sixfirhy is severely wounded.
You batter the sixfirhy!!
You kill the sixfirhy!
The orange demon completely misses you. x2
You hit the orange demon.
Lightning courses through the orange demon!
Your punch misses the orange demon.
The orange demon is moderately wounded.
The orange demon completely misses you. x2
You completely miss the orange demon.
The orange demon is moderately wounded.
You blast the orange demon!!!!
You kill the orange demon!
What level of the Dungeon? (default 1, ? - help)
You see here a +0 pair of gloves.
An Orb Guardian comes into view.
The Orb Guardian completely misses you.
You blast the Orb Guardian!!!!
You kill the Orb Guardian!
You feel your intelligence returning.
No target in view!
What level of the Dungeon? (default 1, ? - help)
There is a stone staircase leading up here.
You fly upwards.
There is a stone staircase leading down here.
There is a stone staircase leading up here.
You fly upwards.
There is a stone staircase leading down here.
Items here: ))) [[[ ÷.
Things that are here:
a +0 leather armour; a +0 dagger; an orc skeleton An Orb Guardian comes into view.
Cast which spell? (? or * to list) Space momentarily warps into an impossible shape!
You blast the Orb Guardian!!!!
Cast which spell? (? or * to list) Space momentarily warps into an impossible shape!
You batter the Orb Guardian!!
You kill the Orb Guardian!
What level of the Dungeon? (default 1, ? - help)
There is an escape hatch in the ceiling, spattered with blood here.
A mysterious force pulls you upwards. The hatch slams shut behind you.
A Brimstone Fiend comes into view.
Cast which spell? (? or * to list) Space momentarily warps into an impossible shape!
You batter the Brimstone Fiend!!
Cast which spell? (? or * to list) Space momentarily warps into an impossible shape!
You batter the Brimstone Fiend!!
Lightning courses through the Brimstone Fiend!
Cast which spell? (? or * to list) Space momentarily warps into an impossible shape!
You buffet the Brimstone Fiend!
Cast which spell? (? or * to list) Space momentarily warps into an impossible shape!
You blast the Brimstone Fiend!!!!
You kill the Brimstone Fiend!
Magic courses through your body.
What level of the Dungeon? (default 1, ? - help)
There is an open door here.
There is a stone staircase leading up here.
You fly upwards.
There is a stone staircase leading down here.
You see here a yak skeleton.
There is a stone staircase leading up, spattered with blood here.
You fly upwards.
There is a stone staircase leading down here.
Things that are here:
a +0 club; an orc skeleton
There is a stone staircase leading up, spattered with blood here.
You fly upwards.
There is a stone staircase leading down, spattered with blood here.
Items here: )))) [[[ ÷.
Things that are here:
a +0 plate armour; a +0 halberd A hell beast comes into view.
The hell beast moves out of view.
A chaos spawn comes into view.
There is a stone staircase leading up here.
You fly upwards.
There is a stone staircase leading down here.
What level of the Dungeon? (default 1, ? - help)
Things that are here:
a +0 robe; a +5 scimitar
There is a stone staircase leading up here.
You fly upwards.
There is a stone staircase leading down here.
There is a stone staircase leading up here.
You fly upwards.
There is a stone staircase leading down here.
You see here an adder skeleton.
There is a stone staircase leading up here.
You fly upwards.
There is a stone staircase leading down here.
There is an open door here.
There is a stone staircase leading up here.
You fly upwards.
There is a stone staircase leading down, spattered with blood here.
You see here a ball python skeleton.
A hellion comes into view.
Cast which spell? (? or * to list) Space momentarily warps into an impossible shape!
You blast the hellion!!!
You kill the hellion!
What level of the Dungeon? (default 1, ? - help)
There is a stone staircase leading up here.
You fly upwards.
Magic restored.
There is a stone staircase leading down here.
There is a stone staircase leading up here.
You fly upwards.
There is a stone staircase leading down here.
A great orb of eyes comes into view.
There is an open door here.
You hit the great orb of eyes.
The great orb of eyes is lightly wounded.
You completely miss the great orb of eyes.
The great orb of eyes is lightly wounded.
The great orb of eyes completely misses you.
You blast the great orb of eyes!!!
You kill the great orb of eyes!
A rakshasa comes into view. It is wielding a +0 whip.
The rakshasa gestures at you. The lance of force misses you.
An Orb Guardian comes into view.
You batter the rakshasa!! Lightning courses through the rakshasa!
The rakshasa is severely wounded.
You blast the Orb Guardian!!!
The injured rakshasa weaves a defensive illusion!
The rakshasa completely misses you. The rakshasa gestures at you.
The lance of force misses you.
You blast the rakshasa!!!
You kill the rakshasa!
The rakshasa shimmers and vanishes!
You blast the rakshasa!!!
You kill the rakshasa!
The rakshasa shimmers and vanishes!
You batter the rakshasa!!
You kill the rakshasa!
You blast the Orb Guardian!!!
You kill the Orb Guardian!
No target in view!
There is a staircase leading out of the dungeon here.
You have escaped!

#.# #.#.## #.## #.# #.# #...#
#.# #.# #.####### ###.# ###.###
#.# #.......# #.# #.....# #.#
....###.# #.########.#.#.###.#
##### #.# #.##.ß#.#######....#
#.#####.##..........##..##
#........#...ß.)ß..ß###.#
#############.##v.........'...#
.......# #.##...ß..ß..ß#####
######.######.##..........#
#...)....##.ß#.#######
################ #########
#.......#


There were no monsters in sight!

Vanquished Creatures
  the Royal Jelly (Slime:5)
  2 dread liches (Zot:4)
  5 orbs of fire
  6 ancient liches
  Mara (Spider:3)
  The ghost of Olul the Conqueror, a legendary MiFi of Okawaru (Zot:4)
  2 juggernauts
  Sojobo (Depths:2)
  Bai Suzhen (Spider:2)
  A royal mummy (Zig:9)
  Parghit (Depths:3)
  12 Killer Klowns
  3 curse toes (Zot:5)
  4 caustic shrikes (Depths:4)
  Geryon (Hell)
  Norris (Elf:3)
  9 golden dragons
  Nikola (Spider:2)
  8 bone dragons
  Arachne (Spider:2)
  A mutant beast (WizLab)
  5 electric golems
  A doom hound (Zig:5)
  A Brimstone Fiend (D:11)
  Mlioglotl (Spider:2)
  Asterion (Spider:2)
  13 tentacled monstrosities
  28 Orb Guardians
  7 quicksilver dragons
  5 liches
  A tainted leviathan (Zig:5)
  A walking frostbound tome (Depths:3)
  2 titans (Vaults:5)
  2 deep elf blademasters (Elf:3)
  7 deep elf master archers
  Gastronok (D:12)
  8 death cobs
  Frances (Spider:2)
  11 acid blobs
  Polyphemus (Shoals:3)
  14 sphinxes
  10 ancient champions
  An Executioner (Hell)
  The ghost of Elubun the Brawler, an adept TrGl of Hepliaklqana (Depths:1)
  3 tentacled starspawn (Abyss:3)
  15 shadow dragons
  14 storm dragons
  Aizul (Spider:1)
  10 tengu reavers
  10 rockslimes
  6 draconian monks
  4 draconian knights
  A protean progenitor (Zot:4)
  9 emperor scorpions
  12 fire giants
  2 balrugs (Crypt:3)
  15 frost giants
  14 azure jellies
  Louise (Spider:3)
  7 draconian shifters
  10 deep elf elementalists (Elf:3)
  24 vault wardens
  2 draconian stormcallers
  13 deep elf sorcerers
  9 ghost moths
  An orc warlord (Orc:2)
  A cacodemon (D:14)
  16 ironbound preservers
  2 ghouls (Crypt:1)
  3 iron dragons
  4 draconian scorchers
  A curse skull (Crypt:3)
  5 broodmothers
  A spriggan defender (Depths:3)
  3 draconian annihilators
  12 stone giants
  12 quicksilver oozes
  6 reapers (Hell)
  45 very ugly things
  A juggernaut skeleton (Crypt:3)
  8 formless jellyfish
  11 vampire knights
  4 ironbound thunderhulks
  9 green draconians
  7 war gargoyles
  A bunyip (Vaults:4)
  5 deep elf demonologists
  17 black draconians
  2 eleionomae
  9 red draconians
  A rockslime zombie (Crypt:1)
  12 white draconians
  8 purple draconians
  5 spark wasps
  7 dire elephants
  9 deep elf death magi
  Azrael (Spider:1)
  21 yellow draconians
  A lorocyproca (Hell)
  6 deep elf annihilators
  A quicksilver dragon zombie (Vaults:5)
  3 mummy priests (Zig:9)
  5 crystal guardians
  2 eidola
  Snorg (Lair:4)
  4 entropy weavers
  5 merfolk impalers
  12 yaktaur captains
  Josephine (D:14)
  11 ettins
  4 jiangshi (Crypt:2)
  3 merfolk javelineers
  An entropy weaver (shapeshifter) (Elf:3)
  Fannar (Lair:3)
  11 fire dragons
  4 deep elf high priests
  12 great orbs of eyes
  2 spriggan zombies
  4 ogre magi (Vaults:5)
  5 peacekeepers
  3 hydras
  3 ice dragons
  The ghost of yapang the Destroyer, a journeyman DrCj of Qazlal (D:12)
  3 jorogumos (Spider:2)
  9 rakshasas
  2 alligator snapping turtles
  5 spriggan air magi
  A hell beast (Hell)
  35 vault guards
  13 centaur warriors
  2 merfolk avatars
  9 ironbound frosthearts
  11 radroaches
  A fenstrider witch skeleton (Crypt:2)
  5 merfolk aquamancers
  2 two-headed ogres (shapeshifter)
  5 catoblepae
  7 boulder beetles
  3 satyrs
  8 two-headed ogres
  18 dancing weapons
  2 death scarabs
  An alligator (Spider:1)
  An anaconda (shapeshifter) (WizLab)
  A death knight (Vaults:2)
  9 death yaks
  A sphinx skeleton (Vaults:1)
  10 deep troll shamans
  8 demonic crawlers
  2 hell hogs (Hell)
  7 deep troll earth magi
  7 tengu warriors
  19 hell knights
  A thrashing horror (Abyss:3)
  An orc high priest (Orc:2)
  10 spriggan berserkers
  2 titan zombies (Crypt:2)
  4 vampire magi
  9 deep elf knights
  5 soul eaters
  3 occultists
  2 sun demons
  5 shadow wraiths
  3 titan skeletons
  A storm dragon zombie (Crypt:2)
  2 fire crabs
  Sonja (Lair:3)
  A skyshark (shapeshifter) (WizLab)
  3 pharaoh ants
  6 skysharks
  A spatial maelstrom (Abyss:3)
  A storm dragon skeleton (Crypt:2)
  2 wretched stars (Abyss:3)
  11 large abominations
  31 skeletal warriors
  A golden dragon zombie (Vaults:5)
  A salamander mystic (Depths:1)
  3 sixfirhies
  2 orb spiders (shapeshifter) (WizLab)
  A sun moth (shapeshifter) (WizLab)
  A mana viper (Vaults:4)
  5 iron trolls
  A goliath frog (shapeshifter) (Depths:3)
  3 deep trolls (shapeshifter)
  46 deep trolls
  14 arcanists
  7 sea snakes
  8 glowing orange brains
  3 flayed ghosts (Depths:3)
  A bunyip skeleton (Crypt:3)
  A swamp dragon (Zig:2)
  2 anaconda zombies (Hell)
  22 orb spiders
  6 deep elf archers
  A bog body (Crypt:1)
  12 starcursed masses
  16 lindwurms
  An orange crystal statue (IceCv)
  An anaconda skeleton (Volcano)
  15 ironbound convokers
  A spriggan simulacrum (Crypt:2)
  An orc knight (Vaults:5)
  10 phantasmal warriors
  24 deep elf pyromancers
  10 harpies
  An alligator zombie (Hell)
  31 deep elf zephyrmancers
  A sea snake (shapeshifter) (Depths:1)
  61 ugly things
  12 manticores
  7 steelbarb worms
  8 necromancers
  26 wolf spiders
  A faun (shapeshifter) (WizLab)
  4 salamanders
  3 orc sorcerers
  A frost giant zombie (Vaults:5)
  9 fauns
  A tengu skeleton (Crypt:3)
  A worldbinder (Abyss:3)
  4 cyclopes
  10 meliai
  A salamander (shapeshifter) (WizLab)
  2 oklob plants (Lair:4)
  3 shining eyes
  6 merfolk sirens
  An elephant (shapeshifter) (Vaults:5)
  5 kobold blastminers
  2 alligator skeletons (Volcano)
  A meliai (shapeshifter) (D:15)
  A human skeleton (Vaults:1)
  29 moths of wrath
  A stone giant skeleton (Vaults:1)
  An apocalypse crab (Zig:3)
  3 rust devils
  4 black mambas
  3 water nymphs (Shoals:3)
  3 water nymphs (shapeshifter)
  4 molten gargoyles
  A dire elephant zombie (Crypt:3)
  11 torpor snails
  11 smoke demons
  4 eyes of devastation
  16 vault sentinels
  2 centaur skeletons
  12 cane toads
  3 orange demons
  10 gargoyles
  3 hellions
  An unseen horror (shapeshifter) (Zig:4)
  Maggie (D:7)
  A yaktaur (shapeshifter) (WizLab)
  Jeremiah (D:9)
  A torpor snail (shapeshifter) (WizLab)
  2 efreet (Hell)
  2 rime drakes
  4 freezing wraiths
  A sea snake zombie (Hell)
  An ice devil (Hell)
  10 komodo dragons
  A mana viper skeleton (Crypt:2)
  A bunyip simulacrum (Crypt:2)
  A great orb of eyes zombie (Crypt:2)
  5 guardian mummies
  An alligator snapping turtle skeleton (Crypt:2)
  3 tengu conjurers
  37 yaktaurs
  An ancient zyme (Abyss:3)
  6 red devils
  4 polar bears
  2 golden dragon simulacra
  28 merfolk
  A merfolk (shapeshifter) (WizLab)
  A queen bee (shapeshifter) (Vaults:5)
  2 hydra zombies
  A hellwing (Hell)
  17 tarantellas
  A tyrant leech (Spider:4)
  6 trolls
  4 wind drakes
  6 harpy skeletons
  Grinder (D:3)
  Prince Ribbit (Lair:1)
  A tarantella (shapeshifter) (Depths:3)
  6 hornets
  4 alligator simulacra
  3 glass eyes (WizLab)
  A wolf spider simulacrum (D:14)
  A raiju (Abyss:3)
  A death drake skeleton (Crypt:2)
  A dream sheep (shapeshifter) (Zig:3)
  5 dream sheep
  2 glass eyes (shapeshifter) (WizLab)
  A guardian serpent zombie (Crypt:2)
  27 blink frogs
  2 hydra skeletons
  A snapping turtle (shapeshifter) (Zig:4)
  2 black mamba zombies (Crypt:3)
  9 snapping turtles
  21 culicivoras
  6 air elementals
  6 shadows
  42 jumping spiders
  5 spriggans
  13 wraiths
  2 ynoxinuls
  94 slime creatures
  A jumping spider (shapeshifter) (WizLab)
  A vampire (D:10)
  A yak (shapeshifter) (Vaults:1)
  An ettin skeleton (Crypt:3)
  A basilisk (shapeshifter) (Elf:1)
  A fire bat (Depths:3)
  2 ushabtiu
  13 water elementals
  A human (shapeshifter) (D:15)
  A dire elephant simulacrum (IceCv)
  6 wargs
  57 yaks
  6 basilisks
  2 wyverns
  5 fire elementals
  51 redbacks
  5 iron golems
  2 redbacks (shapeshifter) (WizLab)
  3 spatial vortices (Abyss:3)
  2 chaos spawn
  4 neqoxecs
  7 vampire mosquitoes
  Menkaure (Ossuary)
  A harpy simulacrum (Crypt:2)
  A swamp worm (shapeshifter) (Vaults:4)
  2 two-headed ogre zombies (D:9)
  A glowing shapeshifter zombie (Zig:9)
  A hog (shapeshifter) (Vaults:5)
  An acid dragon (D:9)
  13 water moccasins
  A hydra simulacrum (Hell)
  A naga skeleton (Crypt:3)
  A demonspawn skeleton (Crypt:1)
  5 hell hounds
  3 sky beasts
  A meliai simulacrum (D:15)
  14 laughing skulls
  37 orc warriors
  4 black bears
  4 ice beasts
  2 swamp drakes
  A crocodile (Spider:1)
  An ettin simulacrum (IceCv)
  10 ogres
  7 wolves
  2 tengu
  3 lemures (Hell)
  An elephant skeleton (Crypt:1)
  7 centaurs
  A phantom (D:8)
  3 kobold brigands
  A weeping skull (Volcano)
  A brain worm (shapeshifter) (D:15)
  A necrophage (Crypt:1)
  A fire crab zombie (Crypt:1)
  7 bullfrogs
  2 earth elementals (Elf:1)
  2 scorpions (D:7)
  8 small abominations
  A water moccasin zombie (Crypt:1)
  12 wights
  A troll zombie (D:9)
  3 lindwurm simulacra (IceCv)
  6 killer bees (D:11)
  6 electric eels
  4 howler monkeys
  A shapeshifter skeleton (Crypt:1)
  2 crimson imps (Hell)
  3 spriggan skeletons
  4 bombardier beetles
  2 cerulean imps (Hell)
  8 jellies
  A quasit (Hell)
  6 hounds
  A sleepcap (D:5)
  29 orc priests
  Crazy Yiuf (D:2)
  Jessica (D:3)
  A hell rat (Sewer)
  3 iguanas
  23 orc wizards
  5 ogre zombies (D:9)
  18 mummies
  A gnoll (D:6)
  2 river rats
  7 adders
  5 white imps
  An ufetubus (Abyss:3)
  4 ribbon worms
  A dart slug (D:1)
  81 orcs
  A bat (D:3)
  2 endoplasms
  4 giant cockroaches
  7 gnoll zombies
  4 goblins
  3 hobgoblins
  4 quokkas
  11 ball pythons
  2 frilled lizards
  8 gnoll skeletons
  4 goblin skeletons (Ossuary)
  4 goblin zombies (Ossuary)
  5 hobgoblin skeletons (Ossuary)
  A jackal skeleton (Crypt:1)
  16 kobolds
  5 kobold skeletons (Ossuary)
  6 kobold zombies (Ossuary)
  3 orc skeletons
  27 orc zombies
  8 rats
  4 rat skeletons (Ossuary)
  3 rat zombies (Ossuary)
  2 spectral weapons (Spider:2)
  4 starspawn tentacles (Abyss:3)
2700 creatures vanquished.

Vanquished Creatures (collateral kills)
  An ancient lich (Vaults:4)
  A balrug (Zot:5)
  A hydra (Lair:5)
  A demonic crawler (Spider:2)
  2 skeletal warriors
  A pharaoh ant (Spider:1)
  2 deep trolls (Vaults:1)
  An orb spider (Spider:1)
  3 arcanists
  4 ugly things
  A deep elf pyromancer (D:12)
  A cyclops (D:12)
  A human skeleton (Vaults:1)
  2 meliai (Spider:1)
  A water nymph (shapeshifter) (WizLab)
  2 slime creatures (Vaults:1)
  A gargoyle (Volcano)
  A rime drake (shapeshifter) (D:15)
  A komodo dragon (Lair:2)
  A yaktaur (D:15)
  A blink frog (Lair:4)
  A glass eye (WizLab)
  2 dream sheep (Lair:4)
  A jumping spider (Spider:1)
  A spriggan (shapeshifter) (WizLab)
  A yak (D:12)
  2 fire elementals (Spider:1)
  2 water moccasins (Lair:5)
  A troll skeleton (Volcano)
  A spriggan skeleton (Volcano)
42 creatures vanquished.

Vanquished Creatures (others)
  A deep elf archer (Zig:7)
  A deep elf zephyrmancer (Elf:1)
  A deep elf pyromancer (D:15)
  A fire bat (Depths:3)
  A redback (Spider:3)
  A bat (Depths:4)
  A quokka (D:12)
  A starspawn tentacle (Abyss:3)
8 creatures vanquished.

Grand Total: 2750 creatures vanquished

Notes
Turn   | Place    | Note
-------+----------+-------------------------------------------
     0 | D:1      | jagoly the Merfolk Shapeshifter began the quest for the
                  | Orb.
     0 | D:1      | Reached XP level 1. HP: 15/15 MP: 1/1
    45 | D:1      | Found a faded altar of an unknown god.
   362 | D:1      | Reached XP level 2. HP: 21/21 MP: 2/2
   907 | D:2      | Reached XP level 3. HP: 24/26 MP: 3/3
  1248 | D:2      | Found a runed translucent door.
  1249 | D:2      | Noticed Crazy Yiuf
  1312 | D:3      | Found Sasir's Antique Weapon Shoppe.
  1409 | D:3      | Reached XP level 4. HP: 22/32 MP: 4/4
  1633 | D:3      | Reached skill level 5 in Unarmed Combat
  1633 | D:3      | Reached skill level 5 in Shapeshifting
  1709 | D:4      | Noticed an ogre
  1725 | D:4      | Reached XP level 5. HP: 33/37 MP: 5/5
  1969 | D:4      | Found a staircase to the Ecumenical Temple.
  1971 | D:4      | Identified the +8 hand axe of Exquisite Torment {freeze,
                  | Str+3 Dex+6}
  1976 | Temple   | Entered the Ecumenical Temple
  1994 | Temple   | Became a worshipper of Nemelex Xobeh the Trickster
  2063 | D:4      | Noticed an ogre
  2319 | D:4      | Found a burning altar of Makhleb.
  2354 | D:4      | Reached XP level 6. HP: 44/44 MP: 6/6
  2568 | D:5      | Entered Level 5 of the Dungeon
  2571 | D:5      | Noticed a water moccasin
  2582 | D:5      | Killed a water moccasin
  2797 | D:5      | Reached XP level 7. HP: 54/54 MP: 7/7
  3014 | D:5      | Reached * piety under Nemelex Xobeh
  3065 | D:5      | Reached skill level 5 in Fighting
  3065 | D:5      | Reached skill level 5 in Dodging
  3212 | D:2      | Killed Crazy Yiuf
  3384 | D:3      | Noticed Jessica
  3387 | D:3      | Killed Jessica
  3404 | D:3      | Noticed Grinder
  3729 | D:5      | Received a gift from Nemelex Xobeh
  4313 | D:6      | Found a glowing drain.
  4330 | Sewer    | Entered a sewer
  4344 | Sewer    | Reached XP level 8. HP: 64/64 MP: 8/8
  4705 | D:6      | Reached ** piety under Nemelex Xobeh
  4892 | D:6      | Identified the +4 trident "Quras" {heavy, Str+4 Dex+2}
  5301 | D:6      | Reached XP level 9. HP: 57/74 MP: 5/9
  5391 | D:6      | Identified the blade talisman "Luereph" {*Slow Will++ SInv}
  5678 | D:7      | Received a gift from Nemelex Xobeh
  5768 | D:7      | Found a sand-covered staircase.
  5865 | D:7      | Noticed Maggie
  5867 | Ossuary  | Entered an ossuary
  6333 | Ossuary  | Noticed Menkaure
  6483 | Ossuary  | Killed Menkaure
  7332 | D:3      | Paralysed by Grinder for 3 turns
  7342 | D:3      | Killed Grinder
  7343 | D:3      | Reached skill level 10 in Dodging
  7608 | D:8      | Reached skill level 10 in Fighting
  7749 | D:8      | Reached XP level 10. HP: 76/85 MP: 8/10
  8326 | D:8      | Found a hazy altar of Hepliaklqana.
  8638 | D:9      | Noticed Jeremiah
  8653 | D:9      | Noticed a two-headed ogre
  9065 | D:9      | Reached *** piety under Nemelex Xobeh
  9659 | D:9      | Found a staircase to the Orcish Mines.
  9734 | D:9      | Reached skill level 10 in Shapeshifting
 10185 | D:9      | Found a staircase to the Lair.
 10334 | D:9      | Found Fihucvitz's Magic Scroll Shoppe.
 10337 | D:9      | Bought a scroll of blinking for 97 gold pieces
 10337 | D:9      | Bought a scroll of poison for 52 gold pieces
 10665 | D:10     | Entered Level 10 of the Dungeon
 11400 | D:10     | Reached XP level 11. HP: 70/90 MP: 8/11
 11513 | D:10     | Noticed a two-headed ogre
 11533 | D:10     | Killed a two-headed ogre
 11534 | D:10     | Reached skill level 10 in Unarmed Combat
 11947 | D:11     | Received a gift from Nemelex Xobeh
 12115 | D:11     | Received a gift from Nemelex Xobeh
 12115 | D:11     | Reached **** piety under Nemelex Xobeh
 12182 | D:11     | Noticed a centaur warrior
 12190 | D:11     | Killed a centaur warrior
 12766 | D:7      | Killed Maggie
 12915 | D:9      | Killed a two-headed ogre
 12960 | D:9      | Killed Jeremiah
 13247 | D:12     | Reached skill level 1 in Invocations
 13311 | D:12     | Noticed a cyan ugly thing
 13332 | D:12     | Killed a white ugly thing
 13496 | D:12     | Noticed a deep elf pyromancer
 13496 | D:12     | Noticed a cyclops
 13497 | D:12     | Identified the -2 quarterstaff of Lulipnow {antimagic, rN+
                  | Int+3}
 13501 | D:12     | Killed a deep elf pyromancer
 13511 | D:12     | Killed a cyclops
 13610 | D:12     | Found a white marble altar of Elyvilon.
 13639 | D:12     | Reached XP level 12. HP: 97/97 MP: 15/15
 13657 | D:12     | Noticed Gastronok
 13745 | Lair:1   | Entered Level 1 of the Lair of Beasts
 14194 | Lair:1   | Noticed Prince Ribbit
 14204 | Lair:1   | Killed Prince Ribbit
 14412 | Lair:1   | Received a gift from Nemelex Xobeh
 14674 | Lair:1   | Noticed a boulder beetle
 15162 | Lair:2   | Found a hole to the Spider Nest.
 15165 | Lair:2   | Received a gift from Nemelex Xobeh
 15304 | Lair:2   | You fall into a shaft and drop 2 floors!
 15311 | Lair:4   | Reached skill level 15 in Shapeshifting
 15341 | Lair:4   | Noticed a skyshark
 15497 | Lair:3   | Noticed Sonja
 15675 | Lair:2   | Reached XP level 13. HP: 103/103 MP: 16/16
 15758 | Lair:2   | Received a gift from Nemelex Xobeh
 15941 | Lair:2   | Reached ***** piety under Nemelex Xobeh
 16415 | Lair:3   | Noticed Fannar
 16497 | Lair:3   | Killed Sonja
 16597 | Lair:3   | Received a gift from Nemelex Xobeh
 16742 | Lair:3   | Reached skill level 1 in Evocations
 16958 | Lair:4   | Reached skill level 5 in Invocations
 17138 | Lair:4   | Found a staircase to the Slime Pits.
 17198 | Lair:4   | Noticed Rupert
 17215 | Lair:4   | Rupert changed into Rupert the quicksilver ooze
 17215 | Lair:4   | Noticed Rupert
 17216 | Lair:4   | Killed Rupert the quicksilver ooze
 17371 | Lair:4   | Noticed Snorg
 17402 | Lair:4   | Killed Snorg
 17990 | Lair:5   | Entered Level 5 of the Lair of Beasts
 18043 | Lair:5   | Reached XP level 14. HP: 104/113 MP: 20/20
 18715 | Lair:5   | Received a gift from Nemelex Xobeh
 19143 | Lair:5   | Reached skill level 10 in Invocations
 20248 | D:12     | Found a runed translucent gate.
 20248 | D:12     | Found a runed translucent gate.
 20248 | D:12     | Noticed an azure jelly
 20248 | D:12     | Noticed an azure jelly
 20248 | D:12     | Noticed yapang's ghost (journeyman DrCj)
 20249 | D:12     | Found a runed translucent gate.
 20335 | D:12     | Killed Gastronok
 20476 | D:12     | Found a viscous altar of Jiyva.
 20586 | D:13     | Received a gift from Nemelex Xobeh
 21263 | D:13     | Received a gift from Nemelex Xobeh
 21793 | Orc:1    | Entered Level 1 of the Orcish Mines
 21852 | Orc:1    | Found a dark tunnel.
 21884 | Volcano  | Entered a volcano
 22003 | Volcano  | Reached XP level 15. HP: 109/120 MP: 22/22
 22426 | Orc:1    | Received a gift from Nemelex Xobeh
 22433 | Orc:1    | Found Agygg's Jewellery Shoppe.
 22822 | Orc:2    | Entered Level 2 of the Orcish Mines
 22822 | Orc:2    | Found a staircase to the Elven Halls.
 23353 | Orc:2    | Found Puss's Armour Boutique.
 23446 | Orc:2    | Received a gift from Nemelex Xobeh
 23644 | Orc:2    | Reached skill level 15 in Unarmed Combat
 23803 | Orc:2    | Found Dalyj's Antique Armour Emporium.
 23861 | Orc:2    | Found Giadgh's Weapon Emporium.
 24124 | Orc:2    | Noticed an orc warlord
 24150 | Orc:2    | Killed an orc warlord
 24199 | Orc:2    | Found Nocliehe's Antique Armour Emporium.
 24201 | Orc:2    | Found Mereafan's Antique Weapon Shoppe.
 24246 | Orc:2    | Bought a runed helmet for 270 gold pieces
 24325 | Orc:1    | Bought the ring "Unifaf" {rF+ EV+5 Dex+4} for 759 gold
                  | pieces
 24512 | D:14     | Noticed Josephine
 24531 | D:14     | Killed Josephine
 24610 | D:14     | Found Neujog's Jewellery Shoppe.
 24788 | D:14     | Bought a ring of protection from cold for 375 gold pieces
 24906 | D:14     | Found a gate to the Vaults.
 25155 | D:14     | Received a gift from Nemelex Xobeh
 25799 | D:15     | Entered Level 15 of the Dungeon
 25852 | D:15     | Found a staircase to the Depths.
 25997 | D:15     | Noticed a frost giant
 26000 | D:15     | Killed a frost giant
 26001 | D:15     | Reached XP level 16. HP: 129/129 MP: 23/23
 26013 | D:15     | Paralysed by an air elemental for 1 turns
 26258 | D:15     | Paralysed by an air elemental for 1 turns
 26415 | D:15     | Identified the staff of Ofoacu {rN+ MP-9 Int+2 Earth}
 26615 | D:15     | Received a gift from Nemelex Xobeh
 26636 | D:15     | Reached skill level 5 in Stealth
 26770 | D:15     | Reached ****** piety under Nemelex Xobeh
 26842 | D:15     | Identified the staff "Mepek" {rElec Summ Air}
 27253 | Lair:3   | Received a gift from Nemelex Xobeh
 27334 | Lair:3   | Killed Fannar
 27578 | Lair:3   | Found a staircase to the Shoals.
 27790 | Spider:1 | Entered Level 1 of the Spider Nest
 27790 | Spider:1 | Noticed Azrael
 27823 | Spider:1 | Killed Azrael
 27869 | Spider:1 | Reached skill level 10 in Stealth
 28364 | Spider:1 | Identified the serpent talisman of Nukhlufump {*Corrode Fly
                  | Str+2 Dex+4}
 28364 | Spider:1 | Noticed Aizul
 28453 | Spider:1 | Identified the +5 executioner's axe "Ytienk" {protect,
                  | rPois rF+}
 28457 | Spider:1 | Killed Aizul
 29603 | Spider:1 | Received a gift from Nemelex Xobeh
 29607 | Spider:1 | Noticed Jorgrun
 29612 | Spider:1 | Jorgrun changed into Jorgrun the alligator
 29612 | Spider:1 | Noticed Jorgrun
 29618 | Spider:1 | Killed Jorgrun the alligator
 29713 | Spider:2 | Noticed Nikola
 29723 | Spider:2 | Noticed Mlioglotl
 29789 | Spider:3 | Reached skill level 15 in Dodging
 29940 | Spider:2 | Reached skill level 15 in Fighting
 30179 | Spider:3 | Noticed Louise
 30198 | Spider:3 | Reached XP level 17. HP: 142/142 MP: 24/24
 30497 | Spider:3 | Killed Louise
 30654 | Spider:3 | Noticed Bai Suzhen
 30819 | Spider:2 | Noticed Frances
 30903 | Spider:2 | Killed Frances
 31078 | Spider:2 | Killed Bai Suzhen
 31291 | Spider:3 | Noticed Mara
 31313 | Spider:3 | Reached skill level 5 in Evocations
 31374 | Spider:3 | Received a gift from Nemelex Xobeh
 32016 | Spider:4 | Entered Level 4 of the Spider Nest
 32126 | Spider:3 | Noticed jagoly's illusion
 32142 | Spider:3 | Killed Mara
 32284 | Spider:3 | Identified the -1 quarterstaff "Tucit" {venom, rElec SInv}
 32285 | Spider:3 | Identified the +2 long sword of Bodily Harmony {venom,
                  | rElec Str+2}
 32802 | Spider:2 | Received a gift from Nemelex Xobeh
 32911 | Spider:2 | Noticed Arachne
 33164 | Spider:4 | Noticed Donald
 33169 | Spider:4 | Donald changed into Donald the tyrant leech
 33169 | Spider:4 | Noticed Donald
 33177 | Spider:4 | Killed Donald the tyrant leech
 33852 | Spider:4 | Reached XP level 18. HP: 126/149 MP: 27/27
 34140 | Spider:4 | Reached skill level 1 in Throwing
 34241 | Spider:4 | Got a gossamer rune of Zot
 34757 | D:14     | Bought the amulet "Fisosyfo" {Faith Str+3} for 799 gold
                  | pieces
 34962 | Shoals:1 | Entered Level 1 of the Shoals
 34962 | Shoals:1 | Received a gift from Nemelex Xobeh
 35274 | Shoals:1 | Received a gift from Nemelex Xobeh
 35641 | Shoals:2 | Found a glacial archway.
 35703 | IceCv    | Entered an ice cave
 35717 | IceCv    | Found a transporter.
 35724 | IceCv    | Found a transporter.
 36058 | Shoals:2 | Received a gift from Nemelex Xobeh
 36676 | Shoals:3 | Received a gift from Nemelex Xobeh
 36758 | Shoals:3 | Noticed Polyphemus
 36807 | Shoals:3 | Killed Polyphemus
 37196 | Shoals:3 | Received a gift from Nemelex Xobeh
 37514 | Shoals:4 | Entered Level 4 of the Shoals
 37852 | Shoals:4 | Received a gift from Nemelex Xobeh
 37872 | Shoals:4 | Found Usiorr's Armour Shop.
 38100 | Shoals:4 | Identified the staff "Beetlebane" {*Corrode rF+ Int+4
                  | Stlth+ Fire}
 38206 | Shoals:4 | Received a gift from Nemelex Xobeh
 38303 | Shoals:3 | Reached XP level 19. HP: 152/155 MP: 28/28
 38546 | Shoals:4 | Got a barnacled rune of Zot
 38946 | Elf:1    | Entered Level 1 of the Elven Halls
 39140 | Elf:1    | Got the Handbook of Conjuring
 39508 | Elf:1    | Received a gift from Nemelex Xobeh
 39512 | Elf:1    | Found a shimmering blue altar of Sif Muna.
 39523 | Elf:1    | Found Gaopn's General Store.
 39575 | Elf:1    | Reached skill level 15 in Invocations
 40267 | Elf:2    | Found a runed translucent gate.
 40268 | Elf:2    | Found a runed translucent gate.
 40268 | Elf:2    | Found a runed translucent gate.
 40389 | Elf:2    | Identified the +1 flail of the Bouncing Prophets {heavy,
                  | rN+ Int+3}
 40438 | Elf:2    | Identified the +4 ring mail of Ceovoymn {+Blink rF++ rC+
                  | Str-2}
 40703 | Elf:3    | Entered Level 3 of the Elven Halls
 40741 | Elf:3    | Noticed Norris
 40753 | Elf:3    | Killed Norris
 40887 | Elf:3    | Received a gift from Nemelex Xobeh
 41423 | Elf:3    | Reached XP level 20. HP: 123/164 MP: 32/32
 41730 | Elf:3    | Identified the +12 falchion "Tattletale" {speed, rPois
                  | SInv}
 41900 | Elf:3    | Identified the ring of Cyosuov {+Blink Str-4 Int+3 SInv}
 42332 | Elf:3    | Identified the ring of Foirafy {Fire MP+9}
 42386 | Elf:3    | Identified the staff "Giant's Demise" {rN+ rCorr Int+3
                  | Necro}
 42391 | Elf:3    | Identified the staff of Zykh {rC+ rN+ Will+++ Str+3 Dex-4
                  | Necro}
 42436 | Elf:3    | Found the +2 pair of slick slippers {slick, slippery, EV+4}
 42449 | Elf:3    | Identified the +2 helmet "Jeod" {Regen+ Str-5 Int+2 Slay+2}
 42520 | Elf:3    | Identified the +2 spear of Gallantry {venom, Str+3}
 42774 | Vaults:1 | Entered Level 1 of the Vaults
 43049 | Vaults:1 | Received a gift from Nemelex Xobeh
 43419 | Vaults:1 | Identified the +5 glaive of Ziutem {flame, ^Contam Fly
                  | rPois rN+++}
 43734 | Vaults:1 | Received a gift from Nemelex Xobeh
 43915 | Vaults:1 | Found Iqemn's General Store.
 44211 | Vaults:2 | Reached XP level 21. HP: 174/174 MP: 33/33
 44253 | Vaults:2 | Found a magical portal.
 44266 | WizLab   | Entered Cigotuvi's Fleshworks
 44415 | WizLab   | Identified the serpent talisman of Elyvilon's Reproof {rF+}
 44416 | WizLab   | Identified the maw talisman "Plog" {rC+++ Str-4 Dex-5 SInv}
 44419 | WizLab   | Got Cigotuvi's Enchiridion on the Dark Tincture
 44638 | WizLab   | Gained mutation: You have a pair of small horns on your
                  | head. [a shining eye]
 44883 | WizLab   | Found the +4 Cigotuvi's embrace {Corpsefed rMiasma ^Drain
                  | rN+}
 45100 | Vaults:2 | Lost mutation: You have a pair of small horns on your head.
                  | [potion of mutation]
 45100 | Vaults:2 | Gained mutation: Your magical capacity is low. (-10% MP)
                  | [potion of mutation]
 45100 | Vaults:2 | Gained mutation: You are somewhat resistant to further
                  | mutation. [potion of mutation]
 45101 | Vaults:2 | Lost mutation: You are somewhat resistant to further
                  | mutation. [potion of mutation]
 45101 | Vaults:2 | Lost mutation: Your magical capacity is low. (-10% MP)
                  | [potion of mutation]
 45101 | Vaults:2 | Gained mutation: You have sharp fingernails. [potion of
                  | mutation]
 45101 | Vaults:2 | Gained mutation: You are partially covered in iridescent
                  | scales. (AC +2) [potion of mutation]
 45104 | Vaults:2 | Lost mutation: You have sharp fingernails. [potion of
                  | mutation]
 45104 | Vaults:2 | Lost mutation: You are partially covered in iridescent
                  | scales. (AC +2) [potion of mutation]
 45104 | Vaults:2 | Gained mutation: You occasionally lose the ability to drink
                  | potions when taking damage. [potion of mutation]
 45104 | Vaults:2 | Gained mutation: Your body sometimes deteriorates upon
                  | taking damage. [potion of mutation]
 45104 | Vaults:2 | Gained mutation: You passively dampen the noise of your
                  | surroundings. [potion of mutation]
 45104 | Vaults:2 | Gained mutation: You expend magic power (3 MP) to
                  | strengthen your wands. [potion of mutation]
 45105 | Vaults:2 | Lost mutation: You expend magic power (3 MP) to strengthen
                  | your wands. [potion of mutation]
 45105 | Vaults:2 | Lost mutation: You passively dampen the noise of your
                  | surroundings. [potion of mutation]
 45105 | Vaults:2 | Lost mutation: You occasionally lose the ability to drink
                  | potions when taking damage. [potion of mutation]
 45105 | Vaults:2 | Gained mutation: You possess an exceptional clarity of
                  | mind. [potion of mutation]
 45105 | Vaults:2 | Gained mutation: You have hidden genetic potential. [potion
                  | of mutation]
 45105 | Vaults:2 | Gained mutation: You have very sharp teeth. [potion of
                  | mutation]
 45105 | Vaults:2 | Gained mutation: You are partially covered in iridescent
                  | scales. (AC +2) [potion of mutation]
 45205 | Vaults:2 | Received a gift from Nemelex Xobeh
 45246 | Vaults:2 | Found Etoowir's General Store.
 45614 | Vaults:2 | Received a gift from Nemelex Xobeh
 46185 | Vaults:2 | Found a staircase to the Crypt.
 46666 | Vaults:2 | Identified a scroll of acquirement
 46667 | Vaults:2 | Acquired the ring of the Ancients {rPois rF+ rCorr Int-4
                  | Stlth+}
 47050 | Vaults:3 | Received a gift from Nemelex Xobeh
 47100 | Vaults:3 | Found Igieraps's Assorted Antiques.
 47105 | Vaults:3 | Bought a fizzy pink potion for 36 gold pieces
 47105 | Vaults:3 | Bought a fizzy pink potion for 36 gold pieces
 47315 | Vaults:3 | Reached XP level 22. HP: 136/184 MP: 35/35
 47601 | Vaults:3 | Identified the +5 whip "Killer Klown's Doom" {holy, rElec
                  | rPois Int-3}
 47920 | Vaults:3 | Received a gift from Nemelex Xobeh
 48861 | Vaults:4 | Received a gift from Nemelex Xobeh
 48877 | Vaults:4 | Found a huge runed translucent gate.
 48877 | Vaults:4 | Found a huge runed translucent gate.
 48920 | Vaults:4 | Gained mutation: Your flesh is heat resistant. (rF+)
                  | [hidden potential]
 48995 | Vaults:4 | Learned a level 1 spell: Apportation
 48998 | Vaults:4 | Identified the +2 robe of Snakes and Ladders {rCorr Str+3}
 49013 | Vaults:4 | Found Gehaip's Book Boutique.
 49133 | Vaults:4 | Found a huge runed translucent gate.
 49133 | Vaults:4 | Found a huge runed translucent gate.
 49133 | Vaults:4 | Found a huge runed translucent gate.
 49134 | Vaults:4 | Found a huge runed translucent gate.
 49135 | Vaults:4 | Found a huge runed translucent gate.
 49136 | Vaults:4 | Found a huge runed translucent gate.
 49136 | Vaults:4 | Found a huge runed translucent gate.
 49136 | Vaults:4 | Found a huge runed translucent gate.
 49137 | Vaults:4 | Found a huge runed translucent gate.
 49137 | Vaults:4 | Found a huge runed translucent gate.
 49137 | Vaults:4 | Found a huge runed translucent gate.
 49137 | Vaults:4 | Found a huge runed translucent gate.
 49139 | Vaults:4 | Found a huge runed translucent gate.
 49139 | Vaults:4 | Found a huge runed translucent gate.
 49139 | Vaults:4 | Found a huge runed translucent gate.
 49141 | Vaults:4 | Found a huge runed translucent gate.
 49142 | Vaults:4 | Found a huge runed translucent gate.
 49143 | Vaults:4 | Found a huge runed translucent gate.
 49143 | Vaults:4 | Found a huge runed translucent gate.
 49148 | Vaults:4 | Found a huge runed translucent gate.
 49149 | Vaults:4 | Found a huge runed translucent gate.
 49149 | Vaults:4 | Found a huge runed translucent gate.
 49149 | Vaults:4 | Found a huge runed translucent gate.
 49149 | Vaults:4 | Found a huge runed translucent gate.
 49151 | Vaults:4 | Found a huge runed translucent gate.
 49152 | Vaults:4 | Found a huge runed translucent gate.
 49153 | Vaults:4 | Found a huge runed translucent gate.
 49153 | Vaults:4 | Found a huge runed translucent gate.
 49158 | Vaults:4 | Found a huge runed translucent gate.
 49159 | Vaults:4 | Found a huge runed translucent gate.
 49159 | Vaults:4 | Found a huge runed translucent gate.
 49159 | Vaults:4 | Found a huge runed translucent gate.
 49159 | Vaults:4 | Found a huge runed translucent gate.
 49161 | Vaults:4 | Found a huge runed translucent gate.
 49807 | Vaults:4 | Received a gift from Nemelex Xobeh
 49902 | Vaults:4 | Noticed an ancient lich
 49902 | Vaults:4 | Noticed an ancient lich
 49910 | Vaults:4 | Killed an ancient lich
 49921 | Vaults:4 | Killed an ancient lich
 50193 | Crypt:1  | Entered Level 1 of the Crypt
 50417 | Crypt:1  | Received a gift from Nemelex Xobeh
 50532 | Crypt:1  | Identified the +8 falchion of Yjouheic {holy, ^Fragile
                  | rPois Dex+3}
 50667 | Crypt:1  | Received a gift from Nemelex Xobeh
 51230 | Crypt:2  | Received a gift from Nemelex Xobeh
 51440 | Crypt:2  | Reached XP level 23. HP: 165/191 MP: 36/36
 51549 | Crypt:2  | Received a gift from Nemelex Xobeh
 51833 | Crypt:3  | Entered Level 3 of the Crypt
 52148 | Crypt:3  | Found the +8 pair of quick blades "Gyre" and "Gimble"
                  | {protect}
 52266 | Crypt:3  | Received a gift from Nemelex Xobeh
 52381 | Crypt:3  | Identified the +1 leather armour of Siwey {-Cast rN++}
 52392 | Crypt:3  | Noticed an ancient lich
 52397 | Crypt:3  | Killed an ancient lich
 52635 | Abyss:2  | Cast into level 2 of the Abyss (hell knight)
 52636 | Abyss:2  | Gained mutation: Your movements are slightly less
                  | encumbered by armour. (ER -2) [hidden potential]
 52636 | Abyss:2  | Lost mutation: You have hidden genetic potential. [hidden
                  | potential expressed]
 52694 | Crypt:3  | Escaped the Abyss
 52910 | Crypt:3  | Found a staircase to the Tomb.
 52974 | Crypt:3  | Noticed an ancient lich
 52977 | Crypt:3  | Killed an ancient lich
 53134 | Crypt:3  | Received a gift from Nemelex Xobeh
 53188 | Crypt:3  | Got Kikubaaqudgha's Anthology of Shades
 53527 | Vaults:2 | Bought a potion of haste for 190 gold pieces
 53527 | Vaults:2 | Bought a potion of curing for 57 gold pieces
 53611 | Vaults:3 | Bought a scroll of fear for 164 gold pieces
 53851 | Slime:1  | Entered Level 1 of the Pits of Slime
 54103 | Slime:3  | Received a gift from Nemelex Xobeh
 54176 | Slime:5  | Entered Level 5 of the Pits of Slime
 54266 | Slime:5  | Noticed the Royal Jelly
 54276 | Slime:5  | Killed the Royal Jelly
 54333 | Slime:5  | Reached XP level 24. HP: 132/204 MP: 25/37
 54382 | Slime:5  | Got the Elucidation of Becharming Reformation
 54406 | Slime:5  | Identified the +4 battleaxe of Geshrib {venom, ^Contam
                  | rElec Will+ Str+3}
 54407 | Slime:5  | Identified the ring of Gyrghes {rElec Will+ rCorr Int-2
                  | Dex+9}
 54418 | Slime:5  | Got a slimy rune of Zot
 54422 | Slime:5  | Got a starry gem with 240 turns to spare
 54436 | Slime:5  | Found the +8 Vampire's Tooth {megavamp}
 54436 | Slime:5  | Found the +7 great mace "Firestarter" {flame, immolate,
                  | rFlCloud rF++}
 54455 | Slime:5  | Identified the +6 hand axe of Neugher {antimagic, rPois}
 54495 | Slime:5  | Identified the ring of Xaxkogru {Ice rCorr Str+2 Dex+5}
 54692 | Spider:2 | Reached skill level 1 in Translocations
 54701 | Spider:2 | Killed Arachne
 54925 | Spider:2 | Received a gift from Nemelex Xobeh
 54960 | Spider:2 | Killed Mlioglotl
 55049 | Spider:2 | Noticed Asterion
 55061 | Spider:2 | Killed Asterion
 55534 | Spider:2 | Killed Nikola
 55792 | D:12     | Killed yapang's ghost
 56071 | Vaults:5 | Entered Level 5 of the Vaults
 56291 | Vaults:5 | Received a gift from Nemelex Xobeh
 56302 | Vaults:5 | Reached skill level 27 in Shapeshifting
 56662 | Vaults:5 | Reached XP level 25. HP: 145/210 MP: 37/37
 57060 | Vaults:5 | Identified the +1 robe "Papheuni" {^Drain Dex+2 Archmagi}
 57186 | Vaults:5 | Received a gift from Nemelex Xobeh
 57478 | Vaults:5 | Got a silver rune of Zot
 57742 | Vaults:5 | Found Worr's Armour Shoppe.
 58138 | Depths:1 | Entered Level 1 of the Depths
 58215 | Depths:1 | Received a gift from Nemelex Xobeh
 58482 | Depths:1 | Found a one-way gate to the infinite horrors of the Abyss.
 58572 | Depths:1 | Reached skill level 10 in Evocations
 58611 | Depths:1 | Found Bubeod's Self-Published Books.
 58721 | Depths:1 | Found a runed translucent door.
 58725 | Depths:1 | Noticed Elubun's ghost (adept TrGl)
 58867 | Depths:1 | Found a gateway to Hell.
 59180 | Depths:1 | Killed Elubun's ghost
 59182 | Depths:1 | Identified the +2 robe of the True Pharaoh {^Contam *Slow
                  | rCorr Int+8}
 59302 | Depths:2 | Received a gift from Nemelex Xobeh
 59422 | Depths:2 | Noticed Sojobo
 59429 | Depths:2 | Killed Sojobo
 59643 | Depths:2 | Found a one-way gate leading to the halls of Pandemonium.
 59691 | Depths:2 | Received a gift from Nemelex Xobeh
 60053 | Depths:2 | Noticed a juggernaut
 60058 | Depths:2 | Killed a juggernaut
 60215 | Depths:2 | Received a gift from Nemelex Xobeh
 60344 | Depths:2 | Received a gift from Nemelex Xobeh
 60732 | Depths:3 | Reached XP level 26. HP: 219/219 MP: 30/37
 60735 | Depths:3 | Noticed Parghit
 60751 | Depths:3 | Killed Parghit
 61012 | Depths:3 | Identified the ring of the Distant Future {rC+ MP+9 Str-2
                  | Dex+2}
 61084 | Depths:3 | Noticed a juggernaut
 61095 | Depths:3 | Killed a juggernaut
 61153 | Depths:3 | Identified the ring "Porr" {Str+4 Int+6}
 61377 | Depths:3 | Received a gift from Nemelex Xobeh
 61414 | Depths:3 | Identified the +3 chain mail "Heliud" {rPois rF+}
 61718 | Depths:3 | Found a broken altar of Ashenzari.
 61876 | Depths:4 | Entered Level 4 of the Depths
 61877 | Depths:4 | Received a gift from Nemelex Xobeh
 62217 | Depths:4 | Received a gift from Nemelex Xobeh
 62508 | Depths:4 | Found a sacrificial altar of Ru.
 62619 | Depths:4 | Found a one-way gateway to a ziggurat.
 62695 | Depths:4 | Received a gift from Nemelex Xobeh
 62740 | Depths:4 | Found a gate to the Realm of Zot.
 62941 | Zig:1    | Entered Level 1 of a ziggurat
 62951 | Zig:2    | Entered Level 2 of a ziggurat
 62967 | Zig:3    | Entered Level 3 of a ziggurat
 62970 | Zig:3    | Noticed a Killer Klown
 62975 | Zig:3    | Killed a Killer Klown
 62983 | Zig:3    | Identified the staff of the Open Hand {Will- Dex+4 Conj}
 63125 | Zig:4    | Entered Level 4 of a ziggurat
 63127 | Zig:4    | Noticed a Killer Klown
 63128 | Zig:4    | Noticed a Killer Klown
 63131 | Zig:4    | Killed a Killer Klown
 63132 | Zig:4    | Reached XP level 27. HP: 231/231 MP: 38/38
 63186 | Zig:5    | Entered Level 5 of a ziggurat
 63238 | Zig:6    | Entered Level 6 of a ziggurat
 63260 | Zig:6    | Identified the +5 rapier of Undoing {antimagic, rF+ rC+
                  | Dex+2}
 63271 | Zig:7    | Entered Level 7 of a ziggurat
 63374 | Zig:8    | Entered Level 8 of a ziggurat
 63538 | Zig:8    | Identified the +7 lajatang of Itakesetav {freeze, Will+}
 63549 | Zig:8    | Identified the staff of Starshine {rC+ Int+3 Ice}
 63577 | Zig:9    | Entered Level 9 of a ziggurat
 63577 | Zig:9    | Received a gift from Nemelex Xobeh
 63585 | Zig:9    | Noticed a royal mummy
 63591 | Zig:9    | Killed a royal mummy
 63944 | Zig:9    | Got the Papyrus of Congelation
 63972 | Zig:9    | Identified the +1 leather armour of the Thinker {rN+ Will++
                  | Dex+2}
 63975 | Zig:9    | Identified the +2 hand cannon of Intense Tenacity {flame,
                  | Will- rCorr MP+9 Dex+5}
 64030 | Depths:3 | Voluntarily entered the Abyss.
 64139 | Abyss:3  | Got an abyssal rune of Zot
 64140 | Abyss:3  | Paralysed by accursed screaming for 1 turns
 64143 | Abyss:3  | Reached skill level 5 in Translocations
 64287 | Abyss:3  | Gained mutation: You have a pair of small antennae on your
                  | head. [a neqoxec]
 64289 | Abyss:3  | Gained mutation: You are clumsy. (Dex -2) [a neqoxec]
 64308 | Depths:3 | Escaped the Abyss
 64343 | Depths:3 | Lost mutation: You are partially covered in iridescent
                  | scales. (AC +2) [potion of mutation]
 64343 | Depths:3 | Lost mutation: You have very sharp teeth. [potion of
                  | mutation]
 64343 | Depths:3 | Gained mutation: Your magical capacity is low. (-10% MP)
                  | [potion of mutation]
 64343 | Depths:3 | Gained mutation: You are strong-willed. (Will+) [potion of
                  | mutation]
 64343 | Depths:3 | Gained mutation: Your flesh is cold resistant. (rC+)
                  | [potion of mutation]
 64344 | Depths:3 | Upgraded the game from 0.32-a0-171-g4625e66 to
                  | 0.32-a0-172-gc5dd13f
 64378 | Zot:1    | Entered Level 1 of the Realm of Zot
 64478 | Zot:1    | Received a gift from Nemelex Xobeh
 64680 | Zot:1    | Reached skill level 27 in Unarmed Combat
 64685 | Zot:1    | Learned a level 4 spell: Manifold Assault
 64705 | Zot:1    | Received a gift from Nemelex Xobeh
 65238 | Hell     | Entered the Vestibule of Hell
 65238 | Hell     | Noticed Geryon
 65244 | Hell     | Killed Geryon
 65391 | Hell     | Reached skill level 10 in Translocations
 66161 | Hell     | Found a gateway to the Iron City of Dis.
 66308 | Hell     | Found a gateway to the ashen valley of Gehenna.
 66395 | Hell     | Found a gateway to the decaying netherworld of Tartarus.
 66451 | Hell     | Found a gateway to the freezing wastes of Cocytus.
 66846 | Zot:2    | Received a gift from Nemelex Xobeh
 67092 | Zot:2    | Noticed an orb of fire
 67099 | Zot:2    | Killed an orb of fire
 67366 | Zot:2    | Received a gift from Nemelex Xobeh
 67963 | Zot:3    | Received a gift from Nemelex Xobeh
 68243 | Zot:3    | Received a gift from Nemelex Xobeh
 68754 | Zot:3    | Received a gift from Nemelex Xobeh
 69298 | Zot:4    | Received a gift from Nemelex Xobeh
 69753 | Zot:4    | Received a gift from Nemelex Xobeh
 69806 | Zot:4    | Found a runed translucent gate.
 69806 | Zot:4    | Found a runed translucent gate.
 69806 | Zot:4    | Found a runed translucent gate.
 69806 | Zot:4    | Found an ancient bone altar of Kikubaaqudgha.
 69806 | Zot:4    | Noticed an ancient lich
 69806 | Zot:4    | Noticed a dread lich
 69806 | Zot:4    | Noticed an ancient lich
 69806 | Zot:4    | Noticed a dread lich
 69806 | Zot:4    | Noticed Olul's ghost (legendary MiFi)
 70155 | Zot:4    | Received a gift from Nemelex Xobeh
 70398 | Zot:4    | Killed a dread lich
 70400 | Zot:4    | Killed an ancient lich
 70405 | Zot:4    | Killed a dread lich
 70410 | Zot:4    | Killed an ancient lich
 70415 | Zot:4    | Killed Olul's ghost
 70419 | Zot:4    | Identified the ring of the Republic {Will++ Slay+4}
 70425 | Zot:4    | Identified the +2 helmet of Citi {Str+2}
 70527 | Zot:5    | Entered Level 5 of the Realm of Zot
 71232 | Zot:5    | Received a gift from Nemelex Xobeh
 71324 | Zot:5    | Noticed an orb of fire
 71485 | Zot:5    | Noticed an orb of fire
 71493 | Zot:5    | Killed an orb of fire
 71879 | Zot:5    | Noticed an orb of fire
 71889 | Zot:5    | Killed an orb of fire
 71897 | Zot:5    | Noticed an orb of fire
 71901 | Zot:5    | Killed an orb of fire
 71908 | Zot:5    | Noticed an ancient lich
 71926 | Zot:5    | Killed an ancient lich
 71953 | Zot:5    | Gained mutation: Your magical capacity is very low. (-20%
                  | MP) [an orb of fire]
 71961 | Zot:5    | Gained mutation: Your health recovers twice as slowly from
                  | being drained. [an orb of fire]
 71964 | Zot:5    | Killed an orb of fire
 72620 | Zot:5    | Got the Orb of Zot
 72636 | Zot:5    | Noticed Wiezux the pandemonium lord
 72659 | Zot:5    | Identified the -2 quarterstaff "Coerph" {freeze, rCorr}
 72666 | Zot:5    | Noticed Yrru the pandemonium lord
 72789 | Zot:1    | Noticed Idauxtaj the pandemonium lord
 73282 | D:$      | Escaped with the Orb!

Illustrated notes

Levels and vault maps discovered:
D:1:      elethiomel_arrival_quiet, layout_loops_ring, serial_glass,
          glass_columns_c, glass_columns_b, ebering_ecumenical_altar_abandoned,
          minmay_tetromino_i4
D:2:      layout_rooms, uniq_crazy_yiuf_cottage
D:3:      layout_loops_ring, serial_shops, nicolae_shop_trees, st_stairs_4,
          uniq_jessica, uniq_grinder
D:4:      layout_gridville, mainiacjoe_overflow_alcove_1,
          minmay_temple_entry_enclosed_plants
D:5:      layout_loops_ring
D:6:      minmay_diamond_boxcup, layout_basic, portal_sewer_entry_b,
          due_unseen_surprise
D:7:      layout_rooms, lightli_ossuary_entry_decrepit_ruins, uniq_maggie
D:8:      layout_cave_pools, kennysheep_mini
D:9:      layout_basic, dpeg_oklobed_lair, zombieorc2_lemuel, serial_shops,
          shop, serial_bayou_crossing, uniq_jeremiah
D:10:     layout_cave_pools
D:11:     layout_roguey, minmay_misc_feat_rows, kennysheep_doodads
D:12:     layout_basic, gammafunk_ghost_ooze, elyvilon_altar_4, uniq_gastronok
D:13:     layout_long_grid
D:14:     layout_basic, erik_vaults_1, serial_shops, shop,
          chequers_serial_rivers_micro_d, uniq_josephine
D:15:     hangedman_crystal_crosses_colossus [crystal_crosses_arms_four,
          crystal_crosses_arms_two, crystal_crosses_arms_one]
Temple:   nicolae_temple_bog_church
Lair:1:   layout_hall_layers, minivault_11, infiniplex_staircase_pool,
          lemuel_fruit_tree, uniq_prince_ribbit2
Lair:2:   layout_gridlike, spider_nest_entry_webs, serial_rivers,
          chequers_serial_rivers_small_b, chequers_serial_rivers_micro_d,
          chequers_serial_rivers_room_a, chequers_serial_rivers_micro_b,
          chequers_serial_rivers_small_b, serial_bayou_shore_a
Lair:3:   layout_loops_ring, mainiacjoe_shoals_entry_four_pools,
          pdpol_lair_neglected_garden, chequers_serial_rivers_room_a,
          serial_bayou_shore_b, infiniplex_staircase_pool_2, uniq_fannar,
          uniq_sonja
Lair:4:   dpeg_oklob_gauntlet, layout_small_grid, minmay_slime_entry_pillars,
          grunt_megastairs_3, uniq_snorg, uniq_rupert
Lair:5:   evilmike_catoblepas_cave, layout_regular_city
Shoals:1: layout_shoals
Shoals:2: layout_shoals, portal_ice_cave_entry_pillars_four
Shoals:3: layout_shoals, uniq_polyphemus
Shoals:4: shoals_end_grunt_ice, layout_shoals, serial_shops, shop,
          nicolae_shoals_lost_giant_hut
Spider:1: layout_spider_delve, uniq_azrael, uniq_aizul, uniq_jorgrun
Spider:2: layout_spider_delve, nicolae_spider_world_wide_web, uniq_mlioglotl,
          uniq_arachne, uniq_nikola, uniq_asterion, uniq_frances
Spider:3: cheibrodos_spider_silkery, hellmonk_spider_spawner, uniq_louise,
          uniq_mara, uniq_bai_suzhen
Spider:4: guppyfry_spider_rune, nicolae_spider_nooks_and_crannies, uniq_donald
Slime:1:  layout_caves
Slime:2:  layout_caves
Slime:3:  layout_caves
Slime:4:  layout_caves
Slime:5:  slime_pit_nicolae_block_by_block
Orc:1:    layout_caves, basic_altar, enter_volcano_1, serial_shops, shop,
          regret_index_minedec_guest_junction
Orc:2:    grunt_orc_community_town_hall, layout_caves,
          grunt_orc_community_big_house_1, grunt_orc_community_big_house_1,
          grunt_orc_community_house_1, grunt_orc_community_house_1,
          grunt_orc_community_house_1, grunt_orc_community_house_3,
          grunt_orc_community_house_2, grunt_orc_community_house_3,
          serial_shops, nicolae_shop_peninsula,
          einodemon_armed_red_devil_minivault
Elf:1:    eino_elf_arrival_the_gate, layout_loops_corners, serial_shops, shop,
          basic_altar, minmay_elf_annihilation, grunt_megastairs_5
Elf:2:    nicolae_elf_blades_crystal_corner, layout_rooms, amethyst_killhole
Elf:3:    minmay_elf_hall_spiked, layout_geoelf_octagon, uniq_norris
Vaults:1: ontoclasm_vaults_ring_small, hangedman_vaults_trim,
          nicolae_vaults_arrows, nicolae_vaults_storage_room_statues,
          grunt_vaults_focal, vaults_mumra_hexcomb,
          nicolae_vaults_ninety_degrees, nicolae_vaults_what_the_h,
          nicolae_vaults_octothorpe, nicolae_vaults_double_plus_1,
          layout_vaults_omnicross, serial_shops, shop
Vaults:2: infiniplex_enter_wizlab_water, minmay_crypt_entry_simple_plaza,
          v_rooms_6, nicolae_vaults_tetromino_Z_1, ontoclasm_vaults_ring_small,
          nicolae_vaults_holding_cells, nicolae_vaults_little_squares_6,
          ontoclasm_vaults_shuriken, nicolae_vaults_trapezoid_lopsided_3,
          vaults_mumra_minichess, v_misc_11, nicolae_vaults_circle_grid_a,
          nicolae_vaults_sesquioval_fish, ontoclasm_vaults_ring_square,
          grunt_vaults_funnel, layout_vaults_big_room, serial_shops,
          nicolae_shop_pleasant_corner_grove
Vaults:3: nicolae_vaults_storage_closets_1, nicolae_vaults_shelves_hall,
          nicolae_vaults_closet_pinwheel_3, nicolae_vaults_security_offices_6,
          v_pattern_3, nicolae_vaults_double_plus_3,
          vaults_mumra_minichess_inversion, nicolae_vaults_closet_pinwheel_6,
          nicolae_vaults_sesquioval_fish, layout_vaults_quadrants, serial_shops,
          nicolae_shop_pleasant_corner_grove
Vaults:4: nicolae_vaults_ring_of_whatevers, nicolae_vaults_closet_pinwheel_3,
          nicolae_vaults_little_ls, door_vault, nicolae_vaults_border_crossing,
          nicolae_vaults_heist, nicolae_vaults_spaceships, v_misc_15,
          nicolae_vaults_network_barrier, nicolae_vaults_apartment_2,
          ontoclasm_vaults_bender, layout_vaults_maze_snakey, serial_shops,
          nicolae_shop_real_fake_doors
Vaults:5
Crypt:1:  layout_gridlike, hellmonk_scarab_ruin, grunt_crypt_arrival_split
Crypt:2:  layout_misc_corridors, grunt_megastairs_4
Crypt:3:  quadcrypt_mu, uniq_josephina
Depths:1: layout_basic, grunt_hell_entry_dis_mu, abyss_entry,
          ebering_ghost_reflecting_pool, nicolae_custom_books,
          kennysheep_small_spiral, kennysheep_generic_room_13,
          serial_bayou_shore_b, grunt_megastairs_2
Depths:2: hangedman_stitches_corridor, layout_cave_shapes, pan_entry,
          hell_entry, infiniplex_staircase_pool_1, uniq_sojobo
Depths:3: nooodl_heptagram, layout_cave_pools, abyss_entry,
          ashenzari_conservatory_becter, hell_entry,
          minmay_staircase_windowed_small, uniq_parghit
Depths:4: grunt_x_marks_the_spot, layout_cave_pools, enter_ziggurat_c,
          hell_entry, nicolae_ru_great_annihilating_truth
Hell
Zot:1:    layout_onion_interference, regret_index_zotdec_iron_s,
          skrybe_zot_glass_3
Zot:2:    layout_gridville, regret_index_zotdec_twisting_globes
Zot:3:    layout_basic
Zot:4:    grunt_twist_and_shout, layout_cathedral_of_symmetry,
          gammafunk_ghost_crypt
Zot:5:    layout_onion

Skill      XL: |  1  2  3  4  5  6  7  8  9 10 11 12 13 14 15 16 17 18 19 20 21 22 23 24 25 26 27 |
---------------+----------------------------------------------------------------------------------+-----
Unarmed Combat | 4 5 6 9 10 12 14 16 18 20 22 24 25 27 | 27.0
Shapeshifting  | 5 6 10 13 16 18 19 20 21 23 26 27 | 27.0
Fighting       | 2 4 6 8 10 11 12 15 16 17 18 20 22 26 | 26.7
Dodging        | 3 4 6 8 10 11 12 13 15 16 18 20 21 22 24 | 24.0
Stealth        | 3 4 12 | 12.0
Invocations    | 4 8 10 12 16 17 18 20 22 24 | 24.0
Evocations     | 2 4 7 8 10 | 10.0
Throwing       | 2 |  2.0
Translocations | 4 12 | 12.0

Action                     |  1- 3 |  4- 6 |  7- 9 | 10-12 | 13-15 | 16-18 | 19-21 | 22-24 | 25-27 || total
---------------------------+-------+-------+-------+-------+-------+-------+-------+-------+-------++-------
  Melee: Unarmed           |   110 |    38 |       |   380 |   874 |   974 |  1001 |  1061 |  1453 ||  5891
         Punch             |     3 |     3 |       |    17 |    73 |    86 |   151 |   183 |   247 ||   763
         Hand axe          |       |    38 |   313 |   158 |       |       |       |       |       ||   509
         Tailslap          |       |       |       |       |     2 |       |       |       |       ||     2
         Constrict         |       |       |       |       |       |    63 |       |       |       ||    63
         Headbutt          |       |       |       |       |       |       |    20 |       |       ||    20
         Bite              |       |       |       |       |       |       |     3 |    83 |       ||    86
  Throw: Stone             |     2 |       |    22 |     2 |       |       |       |       |       ||    26
         Dart              |       |       |       |       |       |     6 |     2 |       |       ||     8
         Boomerang         |       |       |       |       |       |    18 |     8 |     1 |       ||    27
         Throwing net      |       |       |       |       |       |     1 |       |       |       ||     1
   Cast: Apportation       |       |       |       |       |       |       |       |     1 |     1 ||     2
         Manifold Assault  |       |       |       |       |       |       |       |       |   131 ||   131
 Invoke: Draw Destruction  |       |       |       |    10 |    21 |    20 |     2 |     2 |       ||    55
         Draw Summoning    |       |       |       |     2 |     9 |    16 |     1 |     1 |       ||    29
         Deal Four         |       |       |       |     1 |     2 |     8 |     4 |     6 |     9 ||    30
         Draw Escape       |       |       |       |     1 |       |     1 |       |       |       ||     2
         Stack Five        |       |       |       |       |     1 |       |       |       |     1 ||     2
         Draw Stack        |       |       |       |       |     1 |     2 |       |     1 |     3 ||     7
         Triple Draw       |       |       |       |       |       |     1 |       |     1 |       ||     2
Ability: Blinkbolt         |       |       |       |       |       |       |     4 |     5 |    21 ||    30
         Begin Untransform |       |       |       |       |       |       |       |     1 |       ||     1
  Evoke: Wand              |       |     4 |     4 |     5 |     5 |    15 |       |     1 |     4 ||    38
         Phantom mirror    |       |       |       |       |       |     1 |       |       |       ||     1
         Lightning rod     |       |       |       |       |       |       |     4 |       |       ||     4
         Sack of spiders   |       |       |       |       |       |       |       |     1 |       ||     1
    Use: Scroll            |       |       |     7 |     7 |     2 |    15 |     9 |     7 |    18 ||    65
         Potion            |       |       |       |       |       |     1 |     5 |     4 |    13 ||    23
   Stab: Sleeping          |       |     1 |     7 |     5 |     3 |    16 |    24 |    24 |    30 ||   110
         Distracted        |       |       |     1 |       |     2 |     4 |     5 |     6 |    14 ||    32
         Petrified         |       |       |       |       |     2 |       |       |       |       ||     2
         Petrifying        |       |       |       |       |     1 |       |       |       |       ||     1
         Confused          |       |       |       |       |       |       |       |     1 |       ||     1
         Invisible         |       |       |       |       |       |       |       |     6 |    13 ||    19
         Paralysed         |       |       |       |       |       |       |       |       |     1 ||     1
 Armour: Leather armour    |    39 |    25 |   125 |   134 |     1 |       |       |       |       ||   324
         Animal skin       |     1 |       |       |       |       |       |       |       |       ||     1
         Troll leather arm |       |       |       |    87 |   293 |    95 |       |       |       ||   475
         Skin              |       |       |       |       |       |   603 |   527 |   404 |   198 ||  1732
  Dodge: Dodged            |    49 |    36 |   191 |   417 |   592 |  1603 |  1253 |  1322 |  1462 ||  6925
         Form:             |       |       |     2 |     1 |     3 |       |     1 |       |     1 ||     8
         Blade             |       |       |     1 |     2 |     3 |     5 |       |       |       ||    11
         Serpent           |       |       |       |       |       |     7 |       |       |       ||     7
         Statue            |       |       |       |       |       |     1 |     2 |     1 |       ||     4
         Storm             |       |       |       |       |       |       |     2 |     2 |     1 ||     5

Table legend: (Time is in decaauts)
 A = Elapsed time spent in this place.
 B = Non-inter-level travel time spent in this place.
 C = Inter-level travel time spent in this place.
 D = Time resting spent in this place.
 E = Time spent auto-exploring this place.
 F = Levels seen in this place.
 G = Mean time per level.
                   A        B        C        D        E       F      G
               +--------+--------+--------+--------+--------+-----+--------+
         Total |  78407 |  71899 |   6508 |  10660 |  39454 |  74 | 1059.6 |
       Dungeon |  19051 |  16253 |   2798 |   2733 |   7576 |  15 | 1270.1 |
        Temple |     34 |      2 |     32 |      0 |      0 |   1 |   34.0 |
          Lair |   6886 |   6138 |    748 |    639 |   3627 |   5 | 1377.2 |
        Shoals |   4382 |   4133 |    249 |    364 |   2310 |   4 | 1095.5 |
   Spider Nest |   8873 |   8523 |    350 |   2616 |   3315 |   4 | 2218.2 |
    Slime Pits |    519 |    464 |     55 |     52 |      0 |   5 |  103.8 |
  Orcish Mines |   2155 |   1949 |    206 |    188 |   1048 |   2 | 1077.5 |
   Elven Halls |   5343 |   5091 |    252 |    502 |   3049 |   3 | 1781.0 |
        Vaults |   9519 |   8519 |   1000 |    656 |   5954 |   5 | 1903.8 |
         Crypt |   4570 |   4335 |    235 |      0 |   3338 |   3 | 1523.3 |
        Depths |   5320 |   4964 |    356 |    689 |   3407 |   4 | 1330.0 |
          Hell |    807 |    786 |     21 |     89 |    475 |   1 |  807.0 |
           Zot |   6725 |   6523 |    202 |   1406 |   3855 |   5 | 1345.0 |
         Abyss |    331 |    331 |      0 |     30 |      0 |   3 |  110.3 |
      Ziggurat |   1035 |   1035 |      0 |     56 |    792 |   9 |  115.0 |
         Sewer |     94 |     94 |      0 |     23 |      0 |   1 |   94.0 |
       Ossuary |    881 |    881 |      0 |    265 |     22 |   1 |  881.0 |
      Ice Cave |    292 |    292 |      0 |    181 |      0 |   1 |  292.0 |
       Volcano |    402 |    402 |      0 |    105 |     51 |   1 |  402.0 |
        Wizlab |   1179 |   1179 |      0 |     62 |    631 |   1 | 1179.0 |
               +--------+--------+--------+--------+--------+-----+--------+

Top non-repeatable levels by time:
Spider:2: 2795 daAuts
   Elf:3: 2697 daAuts
     D:9: 2663 daAuts
Spider:4: 2282 daAuts
Vaults:2: 2196 daAuts
 Crypt:3: 2122 daAuts
Vaults:1: 2117 daAuts
Spider:1: 1960 daAuts
   Zot:5: 1903 daAuts
  Lair:5: 1848 daAuts
Spider:3: 1835 daAuts
   Elf:1: 1799 daAuts
Vaults:5: 1756 daAuts
    D:14: 1738 daAuts
Vaults:3: 1731 daAuts
